 Dungeon Crawl Stone Soup version 0.32-a0-747-gc8563f6 (webtiles) character file.

Game seed: 16310944563755153371

17646391 korenl137 the Swordfish (level 27, 238/238 HPs)
             Began as a Merfolk Alchemist on Mar 17, 2024.
             Was the Champion of Qazlal.
             Escaped with the Orb
             ... and 15 runes
             ... and 9 gems!
             The game lasted 04:56:04 (93001 turns).

korenl137 the Swordfish (Merfolk Alchemist)        Turns: 93001, Time: 04:56:05

Health: 238/238    AC: 14    Str: 13    XL:     27
Magic:  64/64      EV: 49    Int: 19    God:    Qazlal [******]
Gold:   2599       SH: 35    Dex: 38    Spells: 16/62 levels left

rFire   + + +        b - +2 Maxwell's thermic engine {flame, freeze, rev}
rCold   + + +        J - +5 kite shield {reflect} {Donald}
rNeg    + + +        S - +2 leather armour "Ynelac" {Rampage *Corrode rF++ Regen+}
rPois   ∞            s - +3 hat of Pondering {ponderous, Will+ MP+10 Int+5}
rElec   +            k - +2 cloak {rCorr}
rCorr   +            l - +0 pair of gloves "Hypib" {SInv Stlth+}
SInv    +            g - +0 pair of boots "Ketsuduc" {rC+ Regen+ Dex+3}
Will    ++++.        G - amulet of the Modern Coins {+Blink rElec RegenMP+}
Stlth   +            z - ring of the Many Bashing Runes {Fire rPois Int+2 Dex+3}
HPRegen 2.19/turn    f - ring "Vaohyer" {rC+++ MP+9}
MPRegen 0.79/turn

%: corrode self (3%), repel missiles, reflection, rampage
@: death-form, studying 4 skills, slow
A: vile attack, torment immunity, no potions, (nimble swimmer 2), mertail, horns
1, agile 2, strong 1, evolution 1
0: Orb of Zot
}: 15/15 runes: serpentine, barnacled, slimy, silver, golden, iron, obsidian,
icy, bone, abyssal, demonic, glowing, magical, fiery, dark
a: Siphon Essence, Begin Untransformation, Renounce Religion, Evoke Blink,
Upheaval, Elemental Force, Disaster Area


You escaped.
You worshipped Qazlal.
Qazlal was exalted by your worship.
You were an undying horror.
You visited 18 branches of the dungeon, and saw 88 of its levels.
You visited Pandemonium 2 times, and saw 23 of its levels.
You visited the Abyss 2 times.
You visited 1 bazaar.
You also visited: Trove, Sewer, Bailey, Gauntlet and Wizlab.

You collected 10446 gold pieces.
You spent 7847 gold pieces at shops.

Inventory:

Hand Weapons
 b - the +2 Maxwell's thermic engine (weapon) {flame, freeze, rev}
   (You acquired it on level 1 of the Vaults)
Missiles
 C - 10 curare-tipped darts
 Z - 2 throwing nets {!f}
Armour
 g - the +0 pair of boots "Ketsuduc" (worn) {rC+ Regen+ Dex+3}
   (You found it on level 1 of the Vaults)

   Dex+3:     It affects your dexterity (+3).
   rC+:       It protects you from cold.
   Regen+:    It increases your rate of health regeneration.
 k - a +2 cloak of preservation (worn)
 l - the +0 pair of gloves "Hypib" (worn) {SInv Stlth+}
   (You found it in a Gauntlet)

   SInv:      It lets you see invisible.
   Stlth+:    It makes you more stealthy.
 s - the +3 hat of Pondering (worn) {ponderous, Will+ MP+10 Int+5}
   (You took it off Gastronok on level 2 of the Lair of Beasts)

   Int+5:     It affects your intelligence (+5).
   Will+:     It increases your willpower.
   MP+10:     It affects your magic capacity (+10).
 x - the +4 robe "Kapataul" {rElec rN+}
   (You took it off Boris on level 3 of the Crypt)

   rElec:     It insulates you from electricity.
   rN+:       It protects you from negative energy.
 J - a +5 kite shield of reflection (worn) {Donald}
 P - a +2 cloak of willpower
 S - the +2 leather armour "Ynelac" (worn) {Rampage *Corrode rF++ Regen+}
   (You found it on level 5 of the Pits of Slime)

   rF++:      It greatly protects you from fire.
   Regen+:    It increases your rate of health regeneration.
   *Corrode:  It may corrode you when you take damage.
   Rampage:   It bestows one free step when moving towards enemies.
 V - the +1 cloak of Starlight {*Dazzle EV+4 Stlth--}
   (You found it on level 5 of the Pits of Slime)

   *Dazzle:   It may blind those who miss an attack against the wearer in melee
   combat.
   EV+4:      It affects your evasion (+4).
   Stlth--:   It makes you much less stealthy.
Jewellery
 f - the ring "Vaohyer" (right hand) {rC+++ MP+9}
   (You bought it in a shop on level 8 of the Dungeon)

   [ring of magical power]

   rC+++:     It renders you almost immune to cold.
   MP+9:      It affects your magic capacity (+9).
 o - the ring of Xoqoym {*Slow rF+ MP+9 Str+3 Slay+3}
   (You found it on level 3 of the Depths)

   [ring of magical power]

   Str+3:     It affects your strength (+3).
   Slay+3:    It affects your accuracy & damage with ranged weapons and melee
   (+3).
   rF+:       It protects you from fire.
   MP+9:      It affects your magic capacity (+9).
   *Slow:     It may slow you when you take damage.
 z - the ring of the Many Bashing Runes (left hand) {Fire rPois Int+2 Dex+3}
   (You took it off a deep elf blademaster on level 3 of the Elven Halls)

   [ring of fire]

   Fire:      It enhances your fire magic.
   Int+2:     It affects your intelligence (+2).
   Dex+3:     It affects your dexterity (+3).
   rF+:       It protects you from fire.
   rC-:       It makes you vulnerable to cold.
   rPois:     It protects you from poison.
 G - the amulet of the Modern Coins (around neck) {+Blink rElec RegenMP+}
   (You found it on level 3 of the Depths)

   [amulet of magic regeneration]

   It increases your rate of magic regeneration.
   rElec:     It insulates you from electricity.
   +Blink:    It lets you blink.
   RegenMP+:  It increases your rate of magic regeneration.
 Y - the amulet of Loxzis Potokh {Reflect rElec Dex+2 SH+5}
   (You found it on level 7 of Cocytus)

   [amulet of reflection]

   Reflect:   It reflects blocked missile attacks.
   Dex+2:     It affects your dexterity (+2).
   rElec:     It insulates you from electricity.
   SH+5:      It affects your SH (+5).
Talismans
 h - a granite talisman
 v - a talisman of death (active)
Wands
 d - a wand of mindburst (47)
 u - a wand of quicksilver (75)
 D - a wand of digging (27)
 I - a wand of iceblast (93)
 W - a wand of polymorph (56)
Scrolls
 c - 6 scrolls of silence
 j - 3 scrolls of enchant armour
 m - 14 scrolls of fear
 p - a scroll of butterflies
 q - 7 scrolls of amnesia
 t - 3 scrolls of fog
 B - 2 scrolls of blinking {!r}
 M - 5 scrolls of revelation
 N - 10 scrolls of vulnerability
 T - 16 scrolls of teleportation {!r}
 X - 14 scrolls of poison
Potions
 a - 3 potions of brilliance
 e - a potion of invisibility
 i - 12 potions of enlightenment
 n - 20 potions of heal wounds {!q}
 r - 9 potions of magic
 w - 12 potions of attraction
 y - 2 potions of resistance
 A - 10 potions of might
 F - 6 potions of cancellation
 H - 9 potions of haste
 L - 10 potions of mutation {!q}
 O - 9 potions of lignification
 Q - 30 potions of curing
 R - a potion of ambrosia
Miscellaneous
 E - a figurine of a ziggurat
 K - a phantom mirror
 U - a phial of floods


   Skills:
 + Level 24.3 Fighting
 O Level 27 Long Blades
 - Level 6.0 Armour
 O Level 27 Dodging
 - Level 3.0 Stealth
 + Level 24.4 Shields
 + Level 18.3 Spellcasting
 - Level 0.7 Conjurations
 - Level 18.0 Hexes
 - Level 18.0 Translocations
 O Level 27 Ice Magic
 - Level 6.0 Air Magic
 - Level 6.0 Earth Magic
 - Level 18.0 Alchemy
 + Level 24.3 Invocations
 - Level 6.0 Evocations
 O Level 27 Shapeshifting


You had 16 spell levels left.
You knew the following spells:

 Your Spells              Type           Power      Damage    Failure   Level
a - Manifold Assault      Tloc           72%        N/A       1%          4
b - Vhi's Electric Charg  Tloc/Air       100%       N/A       1%          4
c - Passwall              Erth           40%        N/A       1%          3
d - Blink                 Tloc           100%       N/A       0%          2
e - Lesser Beckoning      Tloc           100%       N/A       0%          2
f - Eringya's Noxious Bo  Alch           36%        4d6       1%          6
g - Apportation           Tloc           100%       N/A       0%          1
h - Swiftness             Air            40%        N/A       1%          3
i - Enfeeble              Hex            36%        N/A       2%          7
v - Polar Vortex          Ice            44%        12d5*     7%          9
y - Yara's Violent Unrav  Hex/Alch       36%        3d15      1%          5

Your spell library contained the following spells:

 Spells                   Type           Power      Damage    Failure   Level
 Freeze                   Ice            100%       1d10      0%          1
 Slow                     Hex            100%       N/A       0%          1
 Ensorcelled Hibernation  Hex/Ice        100%       N/A       0%          2
 Jinxbite                 Hex            100%       N/A       0%          2
 Confusing Touch          Hex            72%        N/A       0%          3
 Frozen Ramparts          Ice            100%       1d16      0%          3
 Gell's Gravitas          Tloc           72%        N/A       0%          3
 Ozocubu's Armour         Ice            88%        N/A       0%          3
 Sigil of Binding         Hex            72%        N/A       0%          3
 Teleport Other           Tloc           72%        N/A       0%          3
 Tukima's Dance           Hex            72%        N/A       0%          3
 Metabolic Englaciation   Hex/Ice        40%        N/A       0%          5
 Sandblast                Erth           80%        2d17      1%          1
 Sting                    Conj/Alch      100%       1d9       1%          1
 Cigotuvi's Dreadful Rot  Necr/Alch/Air  94%        N/A       1%          2
 Mercury Vapours          Alch/Air       100%       N/A       1%          2
 Momentum Strike          Conj/Tloc      100%       3d10      1%          2
 Static Discharge         Conj/Air       60%        3-6/arc   1%          2
 Dazzling Flash           Conj/Hex       100%       N/A       1%          3
 Hailstorm                Conj/Ice       63%        3d12      1%          3
 Inner Flame              Hex/Fire       67%        N/A       1%          3
 Mephitic Cloud           Conj/Alch/Air  48%        N/A       1%          3
 Summon Ice Beast         Ice/Summ       62%        N/A       1%          3
 Anguish                  Hex/Necr       25%        N/A       1%          4
 Cause Fear               Hex            36%        N/A       1%          4
 Dimensional Bullseye     Hex/Tloc       36%        N/A       1%          4
 Ignite Poison            Fire/Alch      67%        N/A       1%          4
 Iskenderun's Mystic Bla  Conj/Tloc      52%        2d11      1%          4
 Leda's Liquefaction      Alch/Erth      29%        N/A       1%          4
 Olgreb's Toxic Radiance  Alch           72%        N/A       1%          4
 Passage of Golubria      Tloc           72%        N/A       1%          4
 Petrify                  Alch/Erth      58%        N/A       1%          4
 Sticky Flame             Fire/Alch      67%        2d11      1%          4
 Alistair's Intoxication  Alch           48%        N/A       1%          5
 Silence                  Hex/Air        29%        N/A       1%          5
 Dispersal                Tloc           36%        N/A       1%          6
 Permafrost Eruption      Ice/Erth       34%        2x4d10    1%          6
 Sculpt Simulacrum        Ice/Alch       40%        N/A       1%          6
 Ozocubu's Refrigeration  Ice            44%        4d17      1%          7
 Irradiate                Conj/Alch      26%        3d20      2%          5
 Foxfire                  Conj/Fire      100%       2x1d9     3%          1
 Kiss of Death            Conj/Necr      72%        2d10      3%          1
 Stone Arrow              Conj/Erth      60%        3d10      3%          3
 Airstrike                Air            20%        2d(3-19)  3%          4
 Summon Forest            Summ/Tloc      25%        N/A       3%          5
 Summon Mana Viper        Hex/Summ       51%        N/A       3%          5
 Necrotise                Necr           68%        1d7       4%          1
 Summon Small Mammal      Summ           68%        N/A       4%          1
 Call Imp                 Summ           34%        N/A       7%          2
 Sublimation of Blood     Necr           17%        N/A       7%          2
 Brom's Barrelling Bould  Conj/Erth      30%        2d5       11%         4
 Lee's Rapid Deconstruct  Erth           20%        3d12*     11%         5
 Call Canine Familiar     Summ           17%        N/A       13%         3
 Fugue of the Fallen      Necr           17%        N/A       13%         3
 Vampiric Draining        Necr           17%        2d7       13%         3
 Animate Armour           Summ/Erth      56%        N/A       13%         4
 Summon Lightning Spire   Summ/Air       28%        N/A       13%         4
 Discord                  Hex            36%        N/A       19%         8
 Disjunction              Tloc           36%        N/A       19%         8
 Arcjolt                  Conj/Air       15%        1d25      30%         5
 Borgnjor's Vile Clutch   Necr/Erth      14%        N/A       34%         5
 Flame Wave               Conj/Fire      28%        2d9       36%         4
 Animate Dead             Necr           17%        N/A       41%         4
 Dispel Undead            Necr           17%        3d10      41%         4
 Martyr's Knell           Necr/Summ      17%        N/A       41%         4
 Summon Blazeheart Golem  Fire/Summ      26%        N/A       41%         4
 Iskenderun's Battlesphe  Conj           20%        2d7       67%         5
 Malign Gateway           Summ/Tloc      25%        N/A       67%         7
 Curse of Agony           Necr           17%        N/A       77%         5
 Bombard                  Conj/Erth      15%        9d3       86%         6
 Conjure Ball Lightning   Conj/Air       15%        3x3d6     86%         6
 Starburst                Conj/Fire      14%        6d6       99%         6
 Death Channel            Necr           8%         N/A       100%        6
 Summon Cactus Giant      Summ           8%         N/A       100%        6
 Orb of Destruction       Conj           10%        9d6       100%        7
 Spellforged Servitor     Conj/Summ      9%         N/A       100%        7
 Summon Hydra             Summ           8%         N/A       100%        7
 Ignition                 Fire           13%        3d6       100%        8
 Maxwell's Capacitive Co  Air            20%        ∞         100%        8
 Summon Horrible Things   Summ           8%         N/A       100%        8
 Chain Lightning          Conj/Air       15%        3d20      100%        9
 Death's Door             Necr           8%         N/A       100%        9
 Fire Storm               Conj/Fire      14%        8d4       100%        9
 Shatter                  Erth           20%        3d18*     100%        9


Dungeon Overview and Level Annotations

Branches:
Dungeon (15/15)            Temple (1/1) D:5            Lair (5/5) D:10
 Shoals (4/4) Lair:3        Snake (4/4) Lair:3        Slime (5/5) Lair:5
    Orc (2/2) D:9             Elf (3/3) Orc:2        Vaults (5/5) D:14
  Crypt (3/3) Vaults:3       Tomb (3/3) Crypt:3      Depths (4/4) D:15
   Hell (visited)             Dis (7/7) Hell            Geh (7/7) Hell
    Coc (7/7) Hell            Tar (7/7) Hell            Zot (5/5) Depths:4
  Sewer (visited)          Bailey (visited)          WizLab (visited)
Gauntlet (visited)

Altars:
Ashenzari
Cheibriados
Dithmenos
Elyvilon
Fedhas
Gozag
Hepliaklqana
Kikubaaqudgha
Makhleb
Nemelex Xobeh
Okawaru
Qazlal
Ru
Sif Muna
Trog
Uskayaw
Vehumet
Wu Jian
Xom
Yredelemnul
Zin
The Shining One
Beogh

Shops:
D:7 (((   D:8 =[==   D:9 :*   D:12 ([   D:13 **   D:14 [[!   Orc:2 =*[(
Elf:3 ?   Snake:1 (*   Snake:3 ([??   Snake:4 [?   Vaults:1 =

Portals:
Hell: Depths:1 Depths:2 Depths:3 Depths:4
Abyss: D:15 Depths:1 Depths:2 Depths:3
Pandemonium: Depths:1 Depths:2 Depths:3 Depths:4
Ziggurat: Depths:1

Annotations:
D:3 Grinder
D:6 2 transporters
D:11 exclusion: vampire
Lair:2 3 runed translucent doors, Coo1's ghost, journeyman MDFE
Dis:3 36 runed translucent doors
Zot:5 2 exclusions


Innate Abilities, Weirdness & Mutations

You are an undying horror.
Your melee and unarmed attacks drain, slow and weaken victims.
You are immune to unholy pain and torment.
You cannot drink.
You are immune to poison.
((You are very nimble when in or above water. (Stealth+, EV+, Speed+++)))
Your lower body shifts to a powerful aquatic tail in water.
You have a pair of small horns on your head.
You are very agile. (Dex +8, Str/Int -2)
Your muscles are strong. (Str +4, Int/Dex -1)
You have hidden genetic potential.


Message History

A great freezing vortex appears and lifts you up.
You lose 8MP, and have [56/64] MP You rampage towards the hell hound!
You kill the hell hound!
Qazlal accepts your kill.
You kill the hell hound!
Qazlal accepts your kill.
You kill the hell hound!
Qazlal accepts your kill.
The hell hound is engulfed in freezing vapours.
You kill the hell hound!
Qazlal accepts your kill.
You hear a shout!
There is a stone staircase leading up here.
You kill the endoplasm!
Qazlal accepts your kill.
You kill the hobgoblin!
Qazlal accepts your kill.
The winds around you start to calm down.
You float gracefully downwards.
You climb upwards.
There is a stone staircase leading down here.
You gain 2 MP, and have [61/64] MP
Casting: Polar Vortex (dangerous; 7% risk of failure)
Confirm with . or Enter, or press ? or * to list all spells.
You can't see any susceptible monsters within range! (Use Z to cast anyway.) Unknown command.
The winds around you calm down.
Magic restored.
There is a stone staircase leading up here.
You climb upwards.
There is a stone staircase leading down here.
MP Full (64)
A hell hog comes into view.
The hell hog squeals angrily.
A hell hog comes into view.
The hell hog breathes fire at you.
The fireball explodes!
The fireball engulfs you. You resist.
The hell hog squeals angrily.
You take 5 HP, and have [233/238] HP A hell hog comes into view.
There is an open door here.
You gain 2 HP, and have [235/238] HP HP Full. (238)
A Tzitzimitl comes into view.
There is a staircase leading out of the dungeon here.
Unknown command.
Okay, then.
You can't go down here!
You have escaped!

#...÷.# ####...h.....#....
#.....# #.##.##.######.###
#.....# #.##.##h# #.#
#.....###### ##.##.##h######.#
###........# #...#...........#
#........# #...####.########
###........####§..## #.#
.............#....☼###'#####
##.#'#######....zh.........#
##.#.##### ###..1.§#.......####
)..[..)..######°..##..........#
##.#.........##.).###'#######.##
#.#####...#.##...# #.# #..# #.#
###...###.## #.# ##.##
#.########..# #.# #.# #..#
#.......##.># #.####.# ##.#
#######'##.## ####...# #..


You could see a Tzitzimitl and a hell hog.

Vanquished Creatures
  Cerebov (Pan)
  Antaeus (Coc:7)
  Asmodeus (Geh:7)
  the Royal Jelly (Slime:5)
  Gloorx Vloq (Pan)
  Ereshkigal (Tar:7)
  Mnoleg (Pan)
  A seraph (Pan)
  the Serpent of Hell (Dis:7)
  12 dread liches
  Dispater (Dis:7)
  An orb of fire (Zot:5)
  5 ancient liches
  Mara (Depths:3)
  5 juggernauts
  28 royal mummies
  13 shard shrikes
  Bai Suzhen (Crypt:2)
  Boris (Crypt:3)
  5 Killer Klowns
  Vashnia (Snake:3)
  2 curse toes (Zot:3)
  7 golden dragons
  27 caustic shrikes
  Geryon (Hell)
  5 profane servitors
  Jory (Vaults:5)
  33 bone dragons
  2 pearl dragons (Pan)
  24 doom hounds
  2 electric golems (Zot:5)
  21 Tzitzimimeh
  13 Brimstone Fiends
  A spectral shard shrike (Tar:3)
  23 tentacled monstrosities
  12 hellephants
  30 Ice Fiends
  21 tainted leviathans
  3 deep elf blademasters
  Jorgrun (Orc:1)
  10 iron giants
  22 Hell Sentinels
  Rupert (D:14)
  Mlioglotl (Shoals:1)
  11 titans
  27 Orb Guardians
  15 searing wretches
  8 liches
  6 quicksilver dragons
  The ghost of Tovuclea the Lord of Darkness, an adept BaAr of Kikubaaqudgha (Snake:1)
  4 deep elf master archers
  13 pandemonium lords
  11 sphinxes
  Asterion (Snake:3)
  22 acid blobs
  33 ancient champions
  Gastronok (Lair:2)
  9 tentacled starspawn
  2 krakens (Shoals:4)
  9 shadow dragons
  6 death cobs
  28 Executioners
  Roxanne (Snake:1)
  17 storm dragons
  2 tengu reavers
  Agnes (D:14)
  A thorn hunter (WizLab)
  9 narguns
  19 daevas
  2 draconian monks (Zot:3)
  5 nagarajas
  26 azure jellies
  Aizul (Snake:2)
  10 protean progenitors
  Donald (Shoals:4)
  3 fenstrider witches (WizLab)
  6 revenants
  A draconian knight (Depths:4)
  7 rockslimes
  22 fire giants
  4 demonspawn warmongers (Pan)
  3 draconian scorchers
  2 deep elf sorcerers (Elf:3)
  5 draconian shifters
  8 quicksilver elementals
  10 shard shrike simulacra
  9 ghost moths (Pan)
  37 balrugs
  11 ghouls
  6 iron dragons
  14 frost giants
  A juggernaut zombie (Depths:2)
  Louise (Shoals:1)
  2 spectral caustic shrikes (Tar:5)
  18 vault wardens
  2 draconian stormcallers
  4 draconian annihilators
  3 spectral juggernauts
  2 curse skulls (Pan)
  18 ironbound preservers
  3 deep elf elementalists (Elf:3)
  20 cacodemons
  4 caustic shrike skeletons
  19 stone giants
  A spriggan defender (Depths:3)
  3 orc warlords
  34 angels
  9 demonspawn corrupters (Pan)
  26 very ugly things
  9 formless jellyfish
  3 vampire knights
  8 black draconians
  7 ironbound thunderhulks
  34 apis (Pan)
  11 deep elf death magi
  15 ophanim
  11 demonspawn blood saints (Pan)
  13 demonspawn black suns (Pan)
  10 quicksilver oozes
  5 juggernaut skeletons
  27 reapers
  8 deep elf demonologists
  The ghost of Lunegreq the Eclecticist, a journeyman DECj of Sif Muna (D:15)
  Nessos (D:15)
  An eleionoma (WizLab)
  12 deep elf annihilators
  25 elemental wellsprings
  10 bennus
  8 green draconians
  7 spark wasps
  16 lorocyprocas
  8 putrid mouths
  43 starcursed masses
  3 spectral titans
  Azrael (Snake:1)
  2 minotaurs
  7 purple draconians
  10 red draconians
  6 yellow draconians
  23 wendigos
  14 dire elephants
  19 war gargoyles
  3 white draconians
  4 spectral quicksilver dragons
  21 iron golems
  23 eidola
  5 merfolk javelineers
  23 blizzard demons
  3 jiangshi (Crypt:2)
  The ghost of december12 the Skirmisher, a journeyman CoHu of Cheibriados (D:13)
  2 shambling mangroves (WizLab)
  9 deep elf high priests
  3 merfolk impalers
  26 green deaths
  Josephine (D:14)
  The ghost of Quang the Spry, a journeyman SpHu of Dithmenos (Orc:1)
  13 ettins
  15 yaktaur captains
  An entropy weaver (Vaults:3)
  10 fire dragons
  17 great orbs of eyes
  9 rakshasas
  19 salamander tyrants
  18 mummy priests
  2 spectral fenstrider witches
  10 spectral spriggans
  3 merfolk avatars (Shoals:4)
  2 spriggan zombies
  2 alligators (Pan)
  36 vault guards
  4 hydras
  4 spriggan air magi
  A quicksilver dragon skeleton (Tomb:3)
  14 anacondas
  7 ice dragons
  15 juggernaut simulacra
  2 alligator snapping turtles
  A fenstrider witch skeleton (Tomb:1)
  2 two-headed ogres (shapeshifter)
  5 hell beasts
  11 ironbound frosthearts
  A peacekeeper (Vaults:4)
  A sphinx zombie (Crypt:1)
  7 caustic shrike simulacra
  5 merfolk aquamancers
  A spriggan skeleton (Depths:2)
  8 stokers
  18 centaur warriors
  10 satyrs
  4 ogre magi
  A jorogumo (Pan)
  38 dancing weapons
  9 boulder beetles
  The ghost of Doldom the Cleaver, a novice MiFi of Okawaru (D:9)
  7 death yaks (Lair:3)
  8 two-headed ogres
  A death knight (Crypt:1)
  8 tengu warriors
  92 death scarabs
  6 deep troll shamans
  4 deep troll earth magi
  7 vampire magi
  26 hell hogs
  2 spectral dire elephants
  A bennu skeleton (Crypt:1)
  3 orc high priests (Orc:2)
  3 spectral emperor scorpions (Pan)
  6 thrashing horrors
  5 occultists
  2 spectral storm dragons (Crypt:3)
  5 spriggan berserkers
  24 naga sharpshooters
  15 naga warriors
  7 demonic crawlers
  45 soul eaters
  13 deep elf knights
  2 skysharks (shapeshifter)
  3 titan skeletons
  4 shock serpents
  8 hellephant skeletons (Pan)
  66 sun demons
  14 hell knights
  A storm dragon zombie (Crypt:2)
  12 wretched stars
  5 skysharks
  A spectral minotaur (Tar:1)
  2 spatial maelstroms
  A fire crab (Lair:5)
  20 skeletal warriors
  33 sixfirhies
  A golden dragon zombie (Depths:2)
  4 iron trolls
  3 storm dragon skeletons
  10 crystal echidnas
  21 mana vipers
  4 salamander mystics
  15 sea snakes
  A death drake (Abyss:3)
  50 deep trolls
  32 shadow wraiths
  2 spectral anacondas (Tar:1)
  A mana viper (shapeshifter) (Depths:2)
  2 orb spiders (Abyss:3)
  57 large abominations
  21 shadow demons
  An anaconda zombie (Hell)
  16 quicksilver dragon simulacra
  10 sun moths (Pan)
  An orange crystal statue (Zot:5)
  8 spriggan simulacra
  15 cherubim
  11 glowing orange brains
  11 flayed ghosts
  10 naga ritualists
  14 arcanists
  2 spectral iron dragons
  A spectral hydra (Tar:4)
  13 phantasmal warriors
  3 bog bodies
  15 ironbound convokers
  30 deep elf pyromancers
  10 necromancers
  3 alligator zombies
  3 thermic dynamos (Elf:2)
  An anaconda skeleton (Tomb:3)
  An obsidian statue (D:13)
  23 harpies
  4 lindwurms
  27 deep elf zephyrmancers
  10 deep elf archers
  11 orc knights
  A fenstrider witch simulacrum (Coc:1)
  16 fauns
  A golden dragon skeleton (Tomb:3)
  2 spectral ettins (Crypt:3)
  8 cyclopes
  2 oklob plants
  A tengu skeleton (Depths:2)
  6 orc sorcerers (Orc:2)
  23 moths of wrath
  2 wolf spiders
  11 shining eyes
  2 cyclopes (shapeshifter)
  4 spectral centaurs
  5 worldbinders
  38 ugly things
  A jorogumo skeleton (Crypt:2)
  A moth of wrath (shapeshifter) (Depths:2)
  16 manticores
  23 salamanders
  12 elephants
  A salamander (shapeshifter) (Abyss:3)
  20 vault sentinels
  3 rust devils (Pan)
  A formless jellyfish zombie (Crypt:2)
  3 human skeletons
  18 naga magi
  7 water nymphs
  4 eyes of devastation
  12 merfolk sirens
  47 smoke demons
  57 black mambas
  2 kobold blastminers
  2 naga skeletons
  7 guardian serpents
  2 gargoyles
  6 titan simulacra
  2 black mambas (shapeshifter)
  A frost giant skeleton (Depths:2)
  26 orange demons
  15 cane toads
  11 molten gargoyles
  A dire elephant skeleton (Tomb:3)
  A kobold demonologist (D:11)
  A mana viper skeleton (Crypt:3)
  An unseen horror (D:10)
  A torpor snail (Lair:3)
  A rime drake (Lair:1)
  30 hellions
  11 komodo dragons
  A death yak zombie (Crypt:1)
  A komodo dragon (shapeshifter) (Depths:3)
  2 bunyip simulacra
  6 red devils
  33 tormentors
  23 freezing wraiths
  12 ice devils
  5 iron giant simulacra
  5 tengu conjurers
  37 yaktaurs
  9 efreet
  5 spectral nagas
  A sea snake skeleton (Hell)
  9 anaconda simulacra
  A merfolk (shapeshifter) (Depths:2)
  A yaktaur skeleton (Vaults:4)
  9 ancient zymes
  4 spectral harpies
  2 silent spectres
  A queen bee (Gauntlet)
  2 trolls
  9 wind drakes
  A moth of wrath zombie (Crypt:1)
  10 polar bears
  17 merfolk
  A hydra skeleton (Hell)
  A tarantella (Vaults:3)
  3 hydra zombies (Hell)
  Prince Ribbit (D:5)
  An elf simulacrum (Vaults:2)
  55 guardian mummies
  5 dream sheep
  10 snapping turtles
  34 hellwings
  12 hornets
  25 blink frogs
  83 slime creatures
  22 raiju
  A meliai zombie (Crypt:3)
  2 spectral black mambas
  3 iron dragon simulacra
  A slime creature (shapeshifter) (Vaults:5)
  3 air elementals
  A stone giant simulacrum (Coc:1)
  A centaur simulacrum (D:14)
  22 ushabtiu
  42 yaks
  16 water elementals
  12 wyverns
  8 dire elephant simulacra
  A fire bat (shapeshifter) (Elf:1)
  A spriggan (Lair:3)
  43 ynoxinuls
  Eustachio (D:5)
  2 humans (D:14)
  13 wraiths
  4 naga simulacra
  5 basilisks
  4 vampires
  4 fire bats
  2 fire elementals (Snake:1)
  17 neqoxecs
  A tarantella (shapeshifter) (Vaults:5)
  A golden eye (shapeshifter) (D:13)
  2 elf skeletons
  A redback (Vaults:3)
  A redback (shapeshifter) (Zot:4)
  9 golden eyes
  3 steam dragons
  8 vampire mosquitoes (D:11)
  6 wargs
  A yaktaur simulacrum (Vaults:4)
  2 swamp worms (shapeshifter) (Vaults:5)
  Menkaure (D:4)
  22 harpy simulacra
  3 spatial vortices (Abyss:3)
  A sea snake simulacrum (Hell)
  3 human zombies
  A naga zombie (Tomb:3)
  35 chaos spawn
  2 acid dragons
  An acid dragon (shapeshifter) (Abyss:4)
  48 nagas
  A demonspawn zombie (Tomb:1)
  2 glowing shapeshifter skeletons
  30 hell hounds
  18 water moccasins
  A cane toad skeleton (Crypt:3)
  3 hydra simulacra
  18 black bears
  A hornet zombie (Crypt:2)
  2 sky beasts
  3 ice beasts
  35 laughing skulls
  3 ettin simulacra
  43 orc warriors
  A lindwurm zombie (Crypt:3)
  13 small abominations
  23 wolves
  A black mamba simulacrum (Coc:1)
  A blink frog skeleton (Crypt:1)
  10 boggarts
  A lindwurm skeleton (Crypt:3)
  15 ogres
  14 centaurs
  2 phantoms (D:6)
  6 weeping skulls
  A draconian zombie (Crypt:1)
  2 kobold brigands
  12 bullfrogs
  A yaktaur zombie (Crypt:2)
  2 elf zombies (Elf:1)
  10 brain worms
  A draconian skeleton (Crypt:1)
  Blork the orc (D:4)
  4 gnoll sergeants
  A scorpion (shapeshifter) (D:13)
  8 scorpions
  A two-headed ogre simulacrum (Coc:1)
  A bullfrog (shapeshifter) (D:15)
  2 earth elementals (Elf:2)
  A water moccasin zombie (Crypt:3)
  A water moccasin skeleton (Crypt:3)
  5 wights (D:6)
  16 killer bees
  An electric eel (D:14)
  2 bombardier beetles
  2 quasits (Abyss:3)
  2 hounds
  3 iron imps
  22 orc priests
  6 jellies
  2 centaur skeletons
  A basilisk skeleton (Crypt:1)
  Terence (D:3)
  A sleepcap (D:5)
  7 iguanas
  22 orc wizards
  61 mummies
  9 adders
  17 gnolls
  4 white imps
  8 ufetubi
  An iguana skeleton (Crypt:1)
  10 dart slugs
  A ribbon worm (D:4)
  99 orcs
  4 bats
  5 endoplasms
  13 giant cockroaches
  13 goblins
  5 hobgoblins
  5 jackals
  3 quokkas
  9 ball pythons
  2 ball python zombies
  13 frilled lizards
  7 kobolds
  5 rats
  A spectral goblin (D:7)
  An aspiring flesh (Pan)
  4 ball lightnings (Pan)
  2 butterflies (Zot:4)
  8 creeping infernos
  14 fire vortices
  2 lurking horrors (Abyss:3)
  7 starspawn tentacles
  2 tentacles (Shoals:4)
4749 creatures vanquished.

Vanquished Creatures (collateral kills)
  A death yak (Lair:3)
  A deep elf zephyrmancer (Elf:2)
  A cane toad (Lair:5)
  A tormentor (Dis:1)
  2 redbacks (Lair:5)
  A gnoll (D:9)
7 creatures vanquished.

Vanquished Creatures (others)
  A dread lich (Zot:5)
  An eldritch tentacle (Pan)
  2 shard shrike simulacra
  A cacodemon (Pan)
  3 elemental wellsprings
  An entropy weaver (shapeshifter) (D:13)
  A blizzard demon (Pan)
  2 juggernaut simulacra (Coc:7)
  2 caustic shrike simulacra
  A salamander tyrant (Hell)
  A stoker (Geh:2)
  A dancing weapon (Dis:7)
  A deep elf knight (Elf:2)
  A sun demon (Pan)
  A shadow demon (Pan)
  A quicksilver dragon simulacrum (Coc:5)
  2 spriggan simulacra (Coc:7)
  A glowing orange brain (Pan)
  A deep elf pyromancer (Elf:3)
  An iron giant simulacrum (Coc:6)
  A tormentor (Pan)
  A human zombie (Vaults:5)
  A hellwing (Pan)
  A raiju (Abyss:3)
  A small abomination (Abyss:3)
  3 ynoxinuls (Pan)
  A water elemental (Shoals:4)
  3 chaos spawn (Pan)
  3 harpy simulacra
  A black bear (Lair:5)
  A laughing skull (Crypt:2)
  A naga simulacrum (Coc:7)
  2 gnolls (D:9)
  An ufetubus (Abyss:2)
  A ribbon worm (D:4)
  A kobold (D:4)
  5 ball lightnings (Pan)
  A creeping inferno (Geh:5)
  13 starspawn tentacles
  6 tentacles (Shoals:4)
74 creatures vanquished.

Grand Total: 4830 creatures vanquished

Notes
Turn   | Place    | Note
-------+----------+-------------------------------------------
     0 | D:1      | korenl137 the Merfolk Alchemist began the quest for the
                  | Orb.
     0 | D:1      | Reached XP level 1. HP: 13/13 MP: 3/3
   300 | D:1      | Reached skill level 1 in Long Blades
   300 | D:1      | Reached XP level 2. HP: 15/19 MP: 0/5
   598 | D:1      | Reached skill level 3 in Dodging
  1422 | D:2      | Reached XP level 3. HP: 24/24 MP: 3/6
  1461 | D:2      | Learned a level 2 spell: Mercury Vapours
  2400 | D:3      | Found a glowing drain.
  2405 | Sewer    | Entered a sewer
  2418 | Sewer    | Reached XP level 4. HP: 30/30 MP: 7/7
  2725 | Sewer    | Reached skill level 3 in Stealth
  2921 | Sewer    | Reached skill level 3 in Long Blades
  2921 | Sewer    | Reached XP level 5. HP: 35/35 MP: 1/8
  3155 | Sewer    | Reached skill level 3 in Spellcasting
  3155 | Sewer    | Reached XP level 6. HP: 41/41 MP: 5/10
  3276 | D:3      | Noticed Terence
  3287 | D:3      | Killed Terence
  3352 | D:3      | Noticed Grinder
  3465 | D:3      | Found a radiant altar of Vehumet.
  3562 | D:3      | Paralysed by Grinder for 5 turns
  3661 | D:3      | Found an opulent altar of Gozag.
  3791 | D:4      | Found a shimmering altar of Xom.
  3806 | D:4      | Reached skill level 1 in Fighting
  3993 | D:4      | Reached XP level 7. HP: 37/48 MP: 9/11
  4020 | D:4      | Reached skill level 1 in Evocations
  4072 | D:4      | Noticed Blork the orc
  4086 | D:4      | Killed Blork the orc
  4278 | D:4      | Found a bloodstained altar of Trog.
  4297 | D:4      | Reached skill level 6 in Alchemy
  4300 | D:4      | Reached skill level 6 in Long Blades
  4305 | D:4      | Learned a level 4 spell: Olgreb's Toxic Radiance
  4468 | D:4      | Reached XP level 8. HP: 52/56 MP: 12/12
  4704 | D:4      | Noticed Menkaure
  4714 | D:4      | Killed Menkaure
  4715 | D:4      | Reached skill level 6 in Dodging
  5019 | D:5      | Entered Level 5 of the Dungeon
  5032 | D:5      | Noticed Prince Ribbit
  5102 | D:5      | Found a white marble altar of Elyvilon.
  5353 | D:5      | Found an ornate altar of the Wu Jian Council.
  5444 | D:5      | Reached skill level 3 in Evocations
  5568 | D:5      | Killed Prince Ribbit
  5702 | D:5      | Noticed Eustachio
  5729 | D:5      | Killed Eustachio
  5730 | D:5      | Reached XP level 9. HP: 54/61 MP: 13/13
  5812 | D:5      | Found a staircase to the Ecumenical Temple.
  5832 | Temple   | Entered the Ecumenical Temple
  5878 | D:6      | Found a transporter.
  6022 | D:6      | Found a hide-covered altar of Uskayaw.
  6251 | D:6      | Reached skill level 9 in Dodging
  6255 | D:6      | Reached skill level 3 in Fighting
  6255 | D:6      | Reached skill level 9 in Long Blades
  6686 | D:6      | Found a transporter.
  6714 | D:6      | Found a snail-covered altar of Cheibriados.
  6877 | D:6      | Learned a level 3 spell: Mephitic Cloud
  6975 | D:6      | Reached XP level 10. HP: 70/70 MP: 9/14
  7040 | D:7      | Found Jylucw's Weapon Shop.
  7205 | D:7      | Found a hazy altar of Hepliaklqana.
  7331 | D:7      | Found an iron altar of Okawaru.
  7388 | D:7      | Found Jetirphup's Antique Weapon Boutique.
  7404 | D:7      | Found Tuaklay's Antique Weapon Emporium.
  7535 | D:7      | Found Luaqu's Assorted Antiques.
  7923 | D:8      | Found Uqemnost's Antique Armour Shoppe.
  7942 | D:8      | Found Jenaguum's Jewellery Shoppe.
  8015 | D:8      | Found Niownef's Jewellery Shop.
  8152 | D:8      | Found Raudoer's Jewellery Shoppe.
  8496 | D:9      | Found a runed translucent gate.
  8497 | D:9      | Found a runed translucent gate.
  8498 | D:9      | Found a runed translucent gate.
  8498 | D:9      | Noticed Doldom's ghost (novice MiFi)
  8499 | D:9      | Identified the +8 plate armour "Qohy" {rPois rF++ rN+
                  | Will-}
  8549 | D:9      | Found Boutsuull's Book Boutique.
  8624 | D:9      | Reached skill level 9 in Alchemy
  8728 | D:9      | Found Lyrivoex's General Store.
  8731 | D:9      | Found a stormy altar of Qazlal.
  8799 | D:9      | Became a worshipper of Qazlal Stormbringer
  8885 | D:9      | Bought a scroll of identify for 30 gold pieces
  8885 | D:9      | Bought a potion of curing for 45 gold pieces
  8885 | D:9      | Bought a potion of degeneration for 15 gold pieces
  8894 | D:9      | Noticed a two-headed ogre
  8904 | D:9      | Killed a two-headed ogre
  8905 | D:9      | Reached skill level 12 in Dodging
  9043 | D:9      | Found a blossoming altar of Fedhas.
  9249 | D:9      | Found a staircase to the Orcish Mines.
  9265 | D:9      | Reached XP level 11. HP: 67/78 MP: 5/15
  9266 | D:9      | Reached * piety under Qazlal
  9340 | D:9      | Found a roughly hewn altar of Beogh.
  9401 | D:10     | Entered Level 10 of the Dungeon
  9529 | D:10     | Found a flagged portal.
  9548 | Bailey   | Entered a bailey
  9557 | Bailey   | Reached skill level 12 in Long Blades
  9881 | Bailey   | Reached skill level 1 in Armour
  9921 | Bailey   | Reached ** piety under Qazlal
 10442 | D:10     | Found a staircase to the Lair.
 12098 | D:12     | Found a portal to a secret trove of treasure.
 12128 | D:12     | Found Yschax's Weapon Shoppe.
 12202 | D:12     | Found Otoshuih's Antique Armour Emporium.
 12296 | D:12     | Bought a pair of boots for 144 gold pieces
 12610 | D:7      | Bought a +2 great sword of flaming for 355 gold pieces
 12711 | Lair:1   | Entered Level 1 of the Lair of Beasts
 12727 | Lair:2   | Reached skill level 1 in Invocations
 12727 | Lair:2   | Reached XP level 12. HP: 86/86 MP: 16/16
 12747 | Lair:2   | Reached *** piety under Qazlal
 12777 | Lair:3   | Found a staircase to the Snake Pit.
 12897 | Lair:2   | Noticed Gastronok
 12918 | Lair:2   | Killed Gastronok
 12969 | Lair:2   | Noticed a seven-headed hydra
 12986 | Lair:2   | Killed a one-headed hydra
 12991 | Lair:2   | Reached skill level 3 in Invocations
 13097 | Lair:2   | Found the +16 obsidian axe {drain, demonic, Mesm ^Drain Fly
                  | SInv}
 13121 | Lair:2   | Found a runed translucent gate.
 13121 | Lair:2   | Found a runed translucent gate.
 13121 | Lair:2   | Found a runed translucent gate.
 13127 | Lair:2   | Noticed Coo1's ghost (journeyman MDFE)
 13142 | Lair:2   | Reached skill level 3 in Armour
 13152 | Lair:3   | Found a staircase to the Shoals.
 13211 | Lair:3   | Reached skill level 6 in Fighting
 13268 | Lair:3   | Reached skill level 15 in Dodging
 13404 | Lair:4   | Reached skill level 1 in Air Magic
 13562 | Lair:4   | Got the Collected Works on Fulgurant Amathomancy
 13579 | Lair:4   | Noticed a skyshark
 13582 | Lair:4   | Reached XP level 13. HP: 92/93 MP: 17/17
 13609 | Lair:4   | Found a gate leading to a gauntlet.
 13615 | Lair:4   | Reached **** piety under Qazlal
 13627 | Gauntlet | Entered a Gauntlet
 13627 | Gauntlet | Found a transporter.
 13627 | Gauntlet | Found a transporter.
 13635 | Gauntlet | Found a transporter.
 13640 | Gauntlet | Found a transporter.
 13651 | Gauntlet | Found a transporter.
 13651 | Gauntlet | Found a transporter.
 13659 | Gauntlet | Found a transporter.
 13676 | Gauntlet | Found a transporter.
 13691 | Gauntlet | Found a transporter.
 13695 | Gauntlet | Found a transporter.
 13703 | Gauntlet | Found a transporter.
 13707 | Gauntlet | Found a transporter.
 13759 | Gauntlet | Reached skill level 6 in Invocations
 13767 | Gauntlet | Found a runed translucent door.
 13936 | Gauntlet | Identified the +0 pair of gloves "Hypib" {SInv Stlth+}
 13958 | Gauntlet | Noticed a minotaur
 13975 | Gauntlet | Killed a minotaur
 14273 | Lair:5   | Entered Level 5 of the Lair of Beasts
 14413 | Lair:5   | Reached skill level 15 in Long Blades
 14413 | Lair:5   | Reached skill level 12 in Alchemy
 14448 | Lair:5   | Reached ***** piety under Qazlal
 14743 | Lair:5   | Reached skill level 3 in Air Magic
 15116 | Lair:5   | Got an earthy gem with 1795 turns to spare
 15306 | Lair:5   | Reached XP level 14. HP: 103/103 MP: 20/20
 15421 | Lair:5   | Identified the maw talisman of Aliywn {rCorr Slay+4}
 15463 | Lair:5   | Reached skill level 9 in Invocations
 15939 | Lair:5   | Found a runed translucent door.
 15939 | Lair:5   | Found a staircase to the Slime Pits.
 15939 | Lair:5   | Noticed an acid blob
 15940 | Lair:5   | Noticed an acid blob
 16990 | Lair:3   | Reached ****** piety under Qazlal
 18355 | Lair:1   | Reached XP level 15. HP: 110/110 MP: 22/22
 18951 | Orc:1    | Entered Level 1 of the Orcish Mines
 18971 | Orc:1    | Noticed Jorgrun
 18990 | Orc:1    | Killed Jorgrun
 19078 | Orc:1    | Noticed Quang's ghost (journeyman SpHu)
 19163 | Orc:1    | Found a runed translucent gate.
 19164 | Orc:1    | Found a runed translucent gate.
 19165 | Orc:1    | Found a runed translucent gate.
 19166 | Orc:1    | Found an iron altar of Okawaru.
 19424 | Orc:2    | Entered Level 2 of the Orcish Mines
 19424 | Orc:2    | Found a roughly hewn altar of Beogh.
 19506 | Orc:2    | Found a staircase to the Elven Halls.
 19678 | Orc:2    | Noticed an orc warlord
 19790 | Orc:2    | Paralysed by an orc sorcerer for 3 turns
 19795 | Orc:2    | Reached skill level 6 in Evocations
 19979 | Orc:2    | Killed an orc warlord
 20197 | Orc:2    | Found a roughly hewn altar of Beogh.
 20350 | Orc:2    | Found Ojidgh's Antique Armour Shoppe.
 20351 | Orc:2    | Found Saefin's Antique Weapon Shoppe.
 20353 | Orc:2    | Found Puis's General Store.
 20353 | Orc:2    | Found Xiclejel's Jewellery Emporium.
 20358 | Orc:2    | Bought a runed cloak for 217 gold pieces
 20382 | Orc:2    | Bought a potion of might for 56 gold pieces
 20382 | Orc:2    | Bought a scroll of identify for 28 gold pieces
 20694 | D:8      | Bought an amulet of regeneration for 300 gold pieces
 20741 | D:8      | Bought a smoking leather armour for 231 gold pieces
 20741 | D:8      | Identified the +0 leather armour of Hedging {Fly rC- rN++
                  | rCorr} (You bought it in a shop on level 8 of the Dungeon)
 20935 | D:13     | Found a runed translucent gate.
 20941 | D:13     | Noticed december12's ghost (journeyman CoHu)
 20972 | D:13     | Found a runed translucent gate.
 20972 | D:13     | Found a runed translucent gate.
 20975 | D:13     | Found an opulent altar of Gozag.
 20975 | D:13     | Found Yttuirurgh's Assorted Antiques.
 20978 | D:13     | Found Ciophior's Assorted Antiques.
 21002 | D:13     | Killed december12's ghost
 21066 | D:13     | Bought a scroll of identify for 56 gold pieces
 21102 | D:13     | Bought a scroll of identify for 60 gold pieces
 21102 | D:13     | Bought a scroll of identify for 60 gold pieces
 21102 | D:13     | Bought a scroll of identify for 60 gold pieces
 21404 | D:13     | Reached skill level 18 in Long Blades
 21457 | D:13     | Reached skill level 9 in Fighting
 21534 | D:13     | Reached skill level 12 in Invocations
 21628 | D:13     | Identified the amulet of the Prince {+Blink rF+ RegenMP+
                  | Int-5 SInv}
 21819 | D:14     | Found Huotz's Distillery.
 21823 | D:14     | Bought a potion of enlightenment for 65 gold pieces
 21823 | D:14     | Bought 2 potions of haste for 260 gold pieces
 21823 | D:14     | Bought 2 potions of heal wounds for 130 gold pieces
 21823 | D:14     | Bought a potion of heal wounds for 65 gold pieces
 21834 | D:14     | Noticed Josephine
 21838 | D:14     | Killed Josephine
 21935 | D:14     | Noticed Agnes
 21940 | D:14     | Killed Agnes
 21941 | D:14     | Reached skill level 6 in Air Magic
 21999 | D:14     | Found Qufy Tox's Antique Armour Shop.
 22010 | D:14     | Bought a pair of glowing boots for 210 gold pieces
 22058 | D:14     | Found a sacrificial altar of Ru.
 22222 | D:14     | Reached XP level 16. HP: 120/120 MP: 25/25
 22234 | D:14     | Found Lyfu Yfa's Antique Armour Shoppe.
 22327 | D:14     | Noticed Rupert
 22339 | D:14     | Killed Rupert
 22634 | D:14     | Found a gate to the Vaults.
 22794 | D:15     | Entered Level 15 of the Dungeon
 22843 | D:15     | Reached skill level 18 in Dodging
 22972 | D:15     | Learned a level 3 spell: Swiftness
 22974 | D:15     | Learned a level 1 spell: Apportation
 22979 | D:15     | Learned a level 4 spell: Vhi's Electric Charge
 22983 | D:15     | Learned a level 3 spell: Passwall
 23095 | D:15     | Found a transporter.
 23102 | D:15     | Found a transporter.
 23107 | D:15     | Noticed Lunegreq's ghost (journeyman DECj)
 23115 | D:15     | Noticed Nessos
 23128 | D:15     | Killed Nessos
 23399 | D:15     | Found a one-way gate to the infinite horrors of the Abyss.
 23403 | D:15     | Noticed a tentacled starspawn
 23436 | D:15     | Found a staircase to the Depths.
 23443 | D:15     | Reached skill level 1 in Translocations
 23897 | Snake:1  | Entered Level 1 of the Snake Pit
 24004 | Snake:1  | Found Maodeaxt's General Store.
 24026 | Snake:1  | Bought a potion of curing for 39 gold pieces
 24026 | Snake:1  | Found Ceobroc's Antique Weapon Shoppe.
 24054 | Snake:1  | Found a large runed translucent door.
 24061 | Snake:1  | Found a large runed translucent door.
 24063 | Snake:1  | Noticed Tovuclea's ghost (adept BaAr)
 24200 | Snake:2  | You fall into a shaft and drop 1 floor!
 24288 | Snake:3  | Reached XP level 17. HP: 125/127 MP: 23/27
 24407 | Snake:3  | Reached skill level 3 in Translocations
 24450 | Snake:3  | Found Suluimeef's Magic Scroll Boutique.
 24460 | Snake:3  | Found a flickering gateway to a bazaar.
 24483 | Bazaar   | Entered a bazaar
 24487 | Bazaar   | Found Cinusus's Distillery.
 24495 | Bazaar   | Found Fitutt's Antique Weapon Boutique.
 24506 | Bazaar   | Found Licwuyl's Book Emporium.
 24517 | Bazaar   | Found Orrak's Antique Armour Shop.
 24525 | Bazaar   | Found Jeprisot's General Store.
 24555 | Bazaar   | Bought a potion of heal wounds for 75 gold pieces
 24555 | Bazaar   | Bought a potion of heal wounds for 75 gold pieces
 24575 | Snake:4  | Entered Level 4 of the Snake Pit
 24849 | Snake:4  | Got a jade gem with 1597 turns to spare
 24853 | Snake:4  | Got a serpentine rune of Zot
 24925 | Snake:4  | Identified the ring "Wago Paecyth" {rN+ Dex+6}
 24992 | Snake:4  | Found Noakh's Magic Scroll Emporium.
 24992 | Snake:4  | Found Loestucw's Armour Shoppe.
 25053 | Snake:4  | Reached skill level 6 in Spellcasting
 25949 | Snake:4  | Reached XP level 18. HP: 134/134 MP: 29/29
 26162 | Snake:3  | Found Apaaz's Armour Boutique.
 26162 | Snake:3  | Found Voups's Weapon Boutique.
 26162 | Snake:3  | Found Gietab's Magic Scroll Boutique.
 26207 | Snake:3  | Reached skill level 15 in Invocations
 26231 | Snake:3  | Bought a scroll of blinking for 142 gold pieces
 26304 | Snake:3  | Noticed Vashnia
 26328 | Snake:3  | Killed Vashnia
 26343 | Snake:3  | Reached skill level 6 in Translocations
 26438 | Snake:3  | Noticed Asterion
 26453 | Snake:3  | Killed Asterion
 26589 | Snake:3  | Found a runed translucent gate.
 26589 | Snake:3  | Found a runed translucent gate.
 26589 | Snake:3  | Found a runed translucent gate.
 27356 | Snake:2  | Identified the serpent talisman of the Grue {Will+ Str-2
                  | Int+3}
 27356 | Snake:2  | Noticed Aizul
 27365 | Snake:2  | Killed Aizul
 28443 | Snake:1  | Reached skill level 21 in Dodging
 28471 | Snake:1  | Learned a level 4 spell: Manifold Assault
 28519 | Snake:1  | Reached skill level 12 in Fighting
 28594 | Snake:1  | Noticed Roxanne
 28618 | Snake:1  | Killed Roxanne
 28741 | Snake:1  | Noticed Azrael
 28767 | Snake:1  | Reached skill level 1 in Shapeshifting
 28774 | Snake:1  | Killed Azrael
 28954 | Snake:1  | Reached skill level 1 in Earth Magic
 29569 | Snake:1  | Killed Tovuclea's ghost
 29767 | D:8      | Bought the ring "Ystrov Quve" {rPois Dex+2 Stlth+} for 340
                  | gold pieces
 29868 | Elf:1    | Entered Level 1 of the Elven Halls
 30229 | Elf:2    | Reached skill level 3 in Shapeshifting
 30243 | Elf:2    | Reached XP level 19. HP: 84/147 MP: 20/30
 30282 | Elf:3    | Entered Level 3 of the Elven Halls
 30318 | Elf:3    | Found Behot's Magic Scroll Shoppe.
 30411 | Elf:3    | Reached skill level 3 in Earth Magic
 30414 | Elf:3    | Identified the +12 mace "Spiderslayer" {flame, *Noise Will+
                  | Int+7}
 30414 | Elf:3    | Identified the +10 quarterstaff of the Pit {heavy, Int+2}
 30414 | Elf:3    | Identified the +3 leather armour "Oguupab" {Rampage ^Drain
                  | Int+6 Dex-3}
 30572 | Elf:3    | Identified the ring of the Many Bashing Runes {Fire rPois
                  | Int+2 Dex+3}
 30583 | Elf:3    | Noticed a Hell Sentinel
 30713 | Elf:3    | Noticed a Hell Sentinel
 30861 | Elf:3    | Paralysed by an air elemental for 1 turns
 30865 | Elf:3    | Paralysed by an air elemental for 1 turns
 30903 | Elf:3    | Reached skill level 6 in Shapeshifting
 30903 | Elf:3    | Noticed an Ice Fiend
 31131 | Elf:3    | Got the Incunable of the Sphinx and Nigredo
 31144 | Elf:3    | Got a shimmering gem with 533 turns to spare
 31148 | Elf:3    | Identified the +2 arbalest of Tuebass {penet, MP+9 Dex+2}
 31159 | Elf:3    | Got the Treatise on Venom and Anthracomancy
 31203 | Elf:3    | Identified the staff of Indomitability {rC- rN+ rCorr Int-5
                  | Necro Earth}
 31324 | Elf:3    | Identified the staff of Ruination {rElec rPois Alchemy}
 32129 | Elf:2    | Found a runed translucent gate.
 32130 | Elf:2    | Found a runed translucent gate.
 32130 | Elf:2    | Found a runed translucent gate.
 32453 | Elf:2    | Reached XP level 20. HP: 131/156 MP: 32/32
 33645 | Orc:2    | Learned a level 6 spell: Eringya's Noxious Bog
 33991 | Vaults:1 | Entered Level 1 of the Vaults
 34273 | Vaults:1 | Found Rohyg's Jewellery Emporium.
 34294 | Vaults:1 | Reached skill level 9 in Shapeshifting
 34522 | Vaults:1 | Identified the +0 pair of boots "Ketsuduc" {rC+ Regen+
                  | Dex+3}
 35309 | Snake:4  | Bought the +0 cloak of Curiosity {rF+ rN+ Str+3} for 551
                  | gold pieces
 35862 | Vaults:1 | Identified a scroll of acquirement
 35863 | Vaults:1 | Acquired the +2 Maxwell's thermic engine {flame, freeze,
                  | rev}
 35863 | Vaults:1 | Found the +2 Maxwell's thermic engine {flame, freeze, rev}
 36644 | Vaults:2 | Reached skill level 1 in Shields
 36662 | Vaults:2 | Reached XP level 21. HP: 165/165 MP: 33/33
 36912 | Vaults:2 | Identified the +5 ring mail of Onayl {Harm rPois Will-
                  | rCorr}
 37172 | Vaults:2 | Reached skill level 3 in Shields
 37469 | Vaults:2 | Found a glowing silver altar of Zin.
 37469 | Vaults:2 | Found a white marble altar of Elyvilon.
 37469 | Vaults:2 | Found a glowing golden altar of the Shining One.
 37971 | Vaults:3 | Reached skill level 6 in Earth Magic
 38376 | Vaults:3 | Found a staircase to the Crypt.
 38657 | Vaults:3 | Reached skill level 9 in Translocations
 38698 | Vaults:3 | Reached skill level 12 in Shapeshifting
 39087 | Vaults:4 | Reached skill level 6 in Shields
 39359 | Vaults:4 | Reached XP level 22. HP: 174/174 MP: 34/34
 39440 | Vaults:4 | Paralysed by a formless jellyfish for 1 turns
 40041 | Depths:1 | Entered Level 1 of the Depths
 40057 | Depths:1 | Identified the ring "Viryle" {+Blink Fly Will- Dex+4}
 40086 | Depths:2 | Found a magical portal.
 40101 | WizLab   | Entered Eringya's Formal Garden
 40145 | WizLab   | Paralysed by a hornet for 2 turns
 40374 | WizLab   | Reached skill level 15 in Fighting
 40461 | WizLab   | Reached skill level 9 in Shields
 40681 | WizLab   | Found a blossoming altar of Fedhas.
 41058 | Depths:2 | Noticed a golden dragon
 41070 | Depths:2 | Killed a golden dragon
 41149 | Depths:4 | Entered Level 4 of the Depths
 41292 | Depths:4 | Reached skill level 15 in Alchemy
 41314 | Depths:4 | Found a gate to the Realm of Zot.
 41319 | Depths:4 | Got a midnight gem with 2393 turns to spare
 41325 | Depths:4 | Acquired 773 gold pieces
 41380 | Depths:4 | Noticed a juggernaut
 41392 | Depths:4 | Killed a juggernaut
 41424 | Depths:4 | Reached XP level 23. HP: 174/181 MP: 35/35
 41425 | Depths:4 | Found a gateway to Hell.
 41455 | Depths:4 | Reached skill level 12 in Shields
 41704 | Depths:4 | Noticed a caustic shrike
 41704 | Depths:4 | Noticed a caustic shrike
 41710 | Depths:4 | Noticed a caustic shrike
 41719 | Depths:4 | Killed a caustic shrike
 41731 | Depths:4 | Killed a caustic shrike
 41732 | Depths:4 | Reached skill level 15 in Shapeshifting
 41738 | Depths:4 | Killed a caustic shrike
 42016 | Depths:4 | Found an opulent altar of Gozag.
 42075 | Depths:4 | Found a one-way gate leading to the halls of Pandemonium.
 42315 | Depths:3 | Found a transporter.
 42584 | Depths:3 | Noticed Mara
 42587 | Depths:3 | Noticed korenl137's illusion
 42619 | Depths:3 | Killed Mara
 42620 | Depths:3 | Reached skill level 18 in Invocations
 42760 | Depths:3 | Found a transporter.
 43316 | Depths:2 | Reached skill level 24 in Dodging
 44018 | Depths:1 | Found a one-way gateway to a ziggurat.
 44925 | D:8      | Bought the ring "Vaohyer" {rC+++ MP+9} for 620 gold pieces
 45629 | Crypt:1  | Entered Level 1 of the Crypt
 45692 | Crypt:2  | Noticed Bai Suzhen
 45743 | Crypt:3  | Entered Level 3 of the Crypt
 45806 | Crypt:3  | Identified the +4 robe "Kapataul" {rElec rN+}
 45806 | Crypt:3  | Noticed Boris
 45823 | Crypt:3  | Killed Boris
 46021 | Crypt:3  | Got an ivory gem with 1260 turns to spare
 46025 | Crypt:3  | Identified the +2 buckler of Daffil {rN+ Dex+3}
 46050 | Crypt:3  | Identified the +1 shortbow of Intimidation {heavy, Dex+2}
 46088 | Crypt:3  | Reached skill level 15 in Shields
 46153 | Crypt:3  | Reached XP level 24. HP: 188/188 MP: 36/36
 46518 | Crypt:3  | Identified the +2 leather armour "Uruadwel" {rF++}
 46862 | Crypt:3  | Found a staircase to the Tomb.
 46950 | Crypt:3  | Got Cigul's Compendium of Spectres
 47087 | Crypt:3  | Identified the +1 mace "Tallos" {distort, Will+}
 47396 | Crypt:2  | Reached skill level 18 in Shapeshifting
 47401 | Crypt:2  | Killed Bai Suzhen
 49011 | Snake:3  | Bought a scroll of enchant weapon for 105 gold pieces
 49011 | Snake:3  | Bought a scroll of enchant armour for 105 gold pieces
 49011 | Snake:3  | Bought a scroll of revelation for 105 gold pieces
 49011 | Snake:3  | Bought a scroll of teleportation for 42 gold pieces
 49011 | Snake:3  | Bought a scroll of teleportation for 42 gold pieces
 49087 | Snake:1  | Bought a scroll of fear for 52 gold pieces
 49087 | Snake:1  | Bought a scroll of fear for 52 gold pieces
 49204 | Snake:3  | Bought a scroll of teleportation for 57 gold pieces
 49204 | Snake:3  | Bought a scroll of fear for 76 gold pieces
 49204 | Snake:3  | Bought a scroll of teleportation for 57 gold pieces
 49204 | Snake:3  | Bought a scroll of teleportation for 57 gold pieces
 49239 | Snake:4  | Bought a scroll of revelation for 142 gold pieces
 49239 | Snake:4  | Bought a scroll of silence for 180 gold pieces
 49239 | Snake:4  | Bought a scroll of teleportation for 57 gold pieces
 49239 | Snake:4  | Bought a scroll of fear for 76 gold pieces
 49239 | Snake:4  | Bought a scroll of revelation for 142 gold pieces
 49508 | Elf:3    | Bought a scroll of teleportation for 51 gold pieces
 49508 | Elf:3    | Bought a scroll of fear for 68 gold pieces
 49508 | Elf:3    | Bought a scroll of fog for 68 gold pieces
 49508 | Elf:3    | Bought a scroll of teleportation for 51 gold pieces
 49508 | Elf:3    | Bought a scroll of revelation for 127 gold pieces
 49508 | Elf:3    | Bought a scroll of teleportation for 51 gold pieces
 49653 | Orc:1    | Killed Quang's ghost
 49686 | Orc:1    | Learned a level 5 spell: Yara's Violent Unravelling
 49746 | D:9      | Killed Doldom's ghost
 49944 | D:15     | Killed Lunegreq's ghost
 49947 | D:15     | Reached skill level 1 in Hexes
 50153 | Depths:3 | Noticed a caustic shrike
 50154 | Depths:3 | Noticed a juggernaut
 50174 | Depths:3 | Killed a juggernaut
 50240 | Depths:3 | Killed a caustic shrike
 50241 | Depths:3 | Reached skill level 3 in Hexes
 50283 | Depths:3 | Identified the ring of Xoqoym {*Slow rF+ MP+9 Str+3 Slay+3}
 50308 | Depths:3 | Identified the amulet of the Modern Coins {+Blink rElec
                  | RegenMP+}
 50604 | D:12     | You paid a toll of a +6 demon whip to enter a treasure
                  | trove
 50605 | Trove    | Entered a treasure trove
 50607 | Trove    | Found the +9 sword of Zonguldrok {reap}
 50856 | Vaults:5 | Entered Level 5 of the Vaults
 50885 | Vaults:5 | Reached XP level 25. HP: 194/194 MP: 36/36
 50890 | Vaults:5 | Noticed Jory
 50893 | Vaults:5 | Reached skill level 18 in Shields
 50893 | Vaults:5 | Noticed a dread lich
 50894 | Vaults:5 | Killed a dread lich
 50915 | Vaults:5 | Killed Jory
 50929 | Vaults:5 | Reached skill level 6 in Hexes
 50982 | Vaults:5 | Noticed a dread lich
 50993 | Vaults:5 | Killed a dread lich
 51077 | Vaults:5 | Identified the +7 chain mail of Leaves {+Inv Dex+8 Stlth+}
 51186 | Vaults:5 | Identified the ring "Ifigrulyq" {*Slow rN+ Will+ Int+6
                  | Slay+3}
 51416 | Vaults:5 | Identified the +0 hand axe "Qyxued" {spect, Will+ Int+2}
 51447 | Vaults:5 | Found the +10 Black Knight's barding {ponderous, rPois rN+}
 51580 | Vaults:5 | Got a silver rune of Zot
 51620 | Vaults:5 | Identified the +3 troll leather armour of Zin's Esteem
                  | {Regen+ Int+4}
 52143 | Vaults:1 | Bought a talisman of death for 1600 gold pieces
 52391 | Shoals:1 | Entered Level 1 of the Shoals
 52394 | Shoals:1 | Noticed Mlioglotl
 52405 | Shoals:1 | Killed Mlioglotl
 52528 | Shoals:1 | Noticed Louise
 52540 | Shoals:1 | Killed Louise
 52872 | Shoals:4 | Entered Level 4 of the Shoals
 52896 | Shoals:4 | Reached skill level 9 in Spellcasting
 52927 | Shoals:4 | Noticed Donald
 52936 | Shoals:4 | Killed Donald
 53003 | Shoals:4 | Reached XP level 26. HP: 207/207 MP: 36/36
 53081 | Shoals:4 | Got an azure gem with 871 turns to spare
 53083 | Shoals:4 | Got a barnacled rune of Zot
 53169 | Shoals:4 | Identified the +2 leather armour of Ennui {rPois Will+
                  | Stlth+}
 53397 | Shoals:4 | Got the Guidebook on Gaseous Unspeakable Words
 54228 | Shoals:2 | Identified the blade talisman of the Unbroken {rC+ rCorr
                  | Dex-3 Slay+4}
 54943 | D:13     | Bought a faintly glowing long sword for 255 gold pieces
 54943 | D:13     | Identified the +9 long sword "Puloas" {drain, Fly rN+++
                  | Stlth-} (You bought it in a shop on level 13 of the
                  | Dungeon)
 55081 | Zot:1    | Entered Level 1 of the Realm of Zot
 55114 | Zot:2    | Reached skill level 21 in Shapeshifting
 55238 | Zot:4    | Noticed a Killer Klown
 55242 | Zot:5    | Entered Level 5 of the Realm of Zot
 55328 | Zot:5    | Got a prismatic gem with 640 turns to spare
 55341 | Zot:5    | Noticed a dread lich
 55354 | Zot:5    | Paralysed by something for 4 turns
 55359 | Zot:5    | Killed a dread lich
 55491 | Zot:5    | Noticed a dread lich
 55501 | Zot:5    | Killed a dread lich
 55617 | Zot:5    | Learned a level 2 spell: Blink
 55651 | Zot:4    | Reached skill level 9 in Hexes
 55762 | Zot:4    | Noticed a Killer Klown
 55775 | Zot:4    | Killed a Killer Klown
 55779 | Zot:4    | Gained mutation: You are weak. (Str -2) [a shining eye]
 55783 | Zot:4    | Gained mutation: You are clumsy. (Dex -2) [a shining eye]
 55785 | Zot:4    | Gained mutation: You are very clumsy. (Dex -4) [a shining
                  | eye]
 55786 | Zot:4    | Gained mutation: You are very weak. (Str -4) [a shining
                  | eye]
 55886 | Zot:4    | Noticed a Killer Klown
 55893 | Zot:4    | Killed a Killer Klown
 55899 | Zot:4    | Reached skill level 18 in Fighting
 55938 | Zot:4    | Gained mutation: You are frail. (-10% HP) [mutagenic glow]
 56181 | Zot:4    | Found a shimmering altar of Xom.
 56183 | Zot:4    | Found a shimmering altar of Xom.
 56184 | Zot:4    | Found a glowing silver altar of Zin.
 56200 | Zot:4    | Found a shimmering altar of Xom.
 56224 | Zot:4    | Killed a Killer Klown
 56391 | Zot:4    | Identified the +8 chain mail of Springtime {rF+ rCorr
                  | Int-4}
 56750 | Zot:3    | Reached XP level 27. HP: 195/195 MP: 36/36
 57011 | Zot:3    | Learned a level 7 spell: Enfeeble
 57947 | Zot:2    | Identified the +10 plate armour "Vyguykon" {rPois}
 58954 | Zot:1    | Lost mutation: You are very weak. (Str -4) [potion of
                  | mutation]
 58954 | Zot:1    | Lost mutation: You are frail. (-10% HP) [potion of
                  | mutation]
 58954 | Zot:1    | Gained mutation: Your health recovers twice as slowly from
                  | being drained. [potion of mutation]
 58954 | Zot:1    | Gained mutation: You possess an exceptional clarity of
                  | mind. [potion of mutation]
 58955 | Zot:1    | Lost mutation: You are very clumsy. (Dex -4) [potion of
                  | mutation]
 58955 | Zot:1    | Lost mutation: Your health recovers twice as slowly from
                  | being drained. [potion of mutation]
 58955 | Zot:1    | Gained mutation: You have a pair of small horns on your
                  | head. [potion of mutation]
 58956 | Zot:1    | Lost mutation: You are weak. (Str -2) [potion of mutation]
 58956 | Zot:1    | Lost mutation: You are clumsy. (Dex -2) [potion of
                  | mutation]
 58956 | Zot:1    | Gained mutation: Your movements are slightly less
                  | encumbered by armour. (ER -2) [potion of mutation]
 58956 | Zot:1    | Gained mutation: You are agile. (Dex +4, Str/Int -1)
                  | [potion of mutation]
 58956 | Zot:1    | Gained mutation: You are frail. (-10% HP) [potion of
                  | mutation]
 58957 | Zot:1    | Lost mutation: You are frail. (-10% HP) [potion of
                  | mutation]
 58957 | Zot:1    | Lost mutation: You possess an exceptional clarity of mind.
                  | [potion of mutation]
 58957 | Zot:1    | Gained mutation: You are dopey. (Int -2) [potion of
                  | mutation]
 58957 | Zot:1    | Gained mutation: You are very agile. (Dex +8, Str/Int -2)
                  | [potion of mutation]
 58958 | Zot:1    | Lost mutation: Your movements are slightly less encumbered
                  | by armour. (ER -2) [potion of mutation]
 58958 | Zot:1    | Lost mutation: You are dopey. (Int -2) [potion of mutation]
 58958 | Zot:1    | Gained mutation: Your muscles are strong. (Str +4, Int/Dex
                  | -1) [potion of mutation]
 58958 | Zot:1    | Gained mutation: You have hidden genetic potential. [potion
                  | of mutation]
 59628 | Slime:1  | Entered Level 1 of the Pits of Slime
 59742 | Slime:5  | Entered Level 5 of the Pits of Slime
 59834 | Slime:5  | Noticed the Royal Jelly
 59869 | Slime:5  | Killed the Royal Jelly
 59927 | Slime:5  | Found the +1 cloak of Starlight {*Dazzle EV+4 Stlth--}
 59937 | Slime:5  | Identified the +11 flail "Enluatt" {freeze, Dex+4}
 59943 | Slime:5  | Got a starry gem with 352 turns to spare
 59947 | Slime:5  | Got a slimy rune of Zot
 59963 | Slime:5  | Reached skill level 18 in Alchemy
 60021 | Slime:5  | Identified the +2 leather armour "Ynelac" {Rampage *Corrode
                  | rF++ Regen+}
 60106 | Slime:5  | Identified the scarf of Eternal Vigilance {repulsion, rPois
                  | rC+++ Slay+5}
 60145 | Slime:5  | Acquired 546 gold pieces
 62733 | Shoals:4 | Learned a level 2 spell: Lesser Beckoning
 63368 | Pan      | Entered Pandemonium
 63368 | Pan      | Noticed Iziapp the pandemonium lord
 63525 | Pan      | Killed Iziapp the pandemonium lord
 63749 | Pan      | Found a runed translucent door.
 63759 | Pan      | Got a demonic rune of Zot
 64691 | Pan      | Found an exit through the horrors of the Abyss.
 64756 | Pan      | Noticed Pecuat the pandemonium lord
 64768 | Pan      | Killed Pecuat the pandemonium lord
 64769 | Pan      | Reached skill level 21 in Long Blades
 65036 | Pan      | Identified the +2 tower shield of Surixt {rCorr Int+3
                  | Slay-2 Stlth+}
 65223 | Pan      | Found a white marble altar of Elyvilon.
 65488 | Pan      | Identified the +0 robe of Watchfulness {-Cast rCorr Str+2}
 65634 | Pan      | Reached skill level 12 in Hexes
 65956 | Pan      | Noticed a seraph
 65978 | Pan      | Killed a seraph
 66000 | Pan      | Identified the +0 plate armour of Ecuv {Harm Rampage
                  | Stlth+}
 66000 | Pan      | Identified the amulet "Xostroef" {Faith Rampage Str+3 Dex-5
                  | SInv}
 66018 | Pan      | Identified the +7 spear of Extinguishment {venom, rElec
                  | Dex+3}
 66079 | Pan      | Found a glowing golden altar of the Shining One.
 66103 | Pan      | Identified the +10 dagger of Wyrd {venom, Stlth+}
 66105 | Pan      | Identified the +6 spear of Internal Strife {flame, Fly
                  | rPois}
 66457 | Pan      | Identified the +4 tower shield "Bulemmut" {Dex+4}
 66546 | Pan      | Found a glowing silver altar of Zin.
 67118 | Depths:3 | Escaped Pandemonium
 67120 | Pan      | Entered Pandemonium
 67169 | Pan      | Noticed Roxivoha the pandemonium lord
 67200 | Pan      | Killed Roxivoha the pandemonium lord
 67422 | Pan      | Noticed Inu Wulu the pandemonium lord
 67445 | Pan      | Killed Inu Wulu the pandemonium lord
 67480 | Pan      | Entered the realm of Mnoleg.
 67480 | Pan      | Noticed Mnoleg
 67482 | Pan      | Got a glowing rune of Zot
 67668 | Pan      | Found an ancient bone altar of Kikubaaqudgha.
 67938 | Pan      | Reached skill level 24 in Shapeshifting
 68309 | Pan      | Killed Mnoleg
 68310 | Pan      | Reached skill level 6 in Armour
 68533 | Pan      | Noticed Mefes the pandemonium lord
 68546 | Pan      | Killed Mefes the pandemonium lord
 68783 | Pan      | Identified the +1 shortbow of Dapos {freeze, MP+9 Dex+3}
 68946 | Pan      | Noticed Luidd the pandemonium lord
 68962 | Pan      | Killed Luidd the pandemonium lord
 69198 | Pan      | Noticed Xaavvea the pandemonium lord
 69281 | Pan      | Killed Xaavvea the pandemonium lord
 69447 | Pan      | Noticed Yrhak the pandemonium lord
 69483 | Pan      | Killed Yrhak the pandemonium lord
 69484 | Pan      | Reached skill level 21 in Fighting
 69578 | Pan      | Upgraded the game from 0.32-a0-746-g1ee7915 to
                  | 0.32-a0-747-gc8563f6
 69656 | Pan      | Reached skill level 15 in Hexes
 69714 | Pan      | Noticed Reip the pandemonium lord
 69727 | Pan      | Killed Reip the pandemonium lord
 69835 | Pan      | Noticed Nabloj the pandemonium lord
 69850 | Pan      | Killed Nabloj the pandemonium lord
 69861 | Pan      | Reached skill level 21 in Shields
 69931 | Pan      | Noticed Neomyu Sikk the pandemonium lord
 70073 | Pan      | Killed Neomyu Sikk the pandemonium lord
 70183 | Pan      | Entered the realm of Cerebov.
 70219 | Pan      | Found an exit through the horrors of the Abyss.
 70731 | Pan      | Identified the amulet of the Shining Light {Acrobat rC+
                  | Str+2 Int-2}
 70738 | Pan      | Found the +6 sword of Cerebov {flame}
 70738 | Pan      | Noticed Cerebov
 70838 | Pan      | Reached skill level 21 in Invocations
 70865 | Pan      | Identified the +7 whip of the Insatiable Spirits {flame,
                  | rElec Will+ Str+3}
 71115 | Pan      | Killed Cerebov
 71171 | Pan      | Got a fiery rune of Zot
 71438 | Pan      | Identified the amulet "Akhlack" {Spirit +Blink rPois}
 71439 | Pan      | Identified the amulet "Zeotabiox" {Faith Rampage rPois}
 71544 | Pan      | Entered the realm of Gloorx Vloq.
 71774 | Pan      | Found an exit through the horrors of the Abyss.
 72153 | Pan      | Noticed Gloorx Vloq
 72172 | Pan      | Killed Gloorx Vloq
 72250 | Pan      | Got a dark rune of Zot
 72397 | Pan      | Entered the realm of Lom Lobon.
 72448 | Pan      | Found an exit through the horrors of the Abyss.
 72735 | Pan      | Noticed Lom Lobon
 73599 | Pan      | Got a magical rune of Zot
 73719 | Depths:3 | Escaped Pandemonium
 73843 | Hell     | Entered the Vestibule of Hell
 73845 | Hell     | Noticed Geryon
 74103 | Hell     | Killed Geryon
 74417 | Hell     | Found a gateway to the Iron City of Dis.
 74461 | Hell     | Found a gateway to the freezing wastes of Cocytus.
 74550 | Hell     | Found a gateway to the decaying netherworld of Tartarus.
 74704 | Hell     | Found a gateway to the ashen valley of Gehenna.
 74879 | Geh:1    | Entered Level 1 of Gehenna
 75018 | Geh:2    | Noticed a dread lich
 75038 | Geh:2    | Killed a dread lich
 75085 | Geh:3    | Noticed an ancient lich
 75104 | Geh:3    | Killed an ancient lich
 75110 | Hell     | HP: 6/207 [twister/vortex[a Zot trap] (11)]
 75646 | Geh:3    | Reached skill level 24 in Shields
 75966 | Geh:4    | You fall into a shaft and drop 1 floor!
 75999 | Geh:5    | HP: 9/203 [Brimstone Fiend (2)]
 76795 | Geh:7    | Entered Level 7 of Gehenna
 77112 | Geh:7    | Reached skill level 12 in Spellcasting
 77173 | Geh:7    | Found the brooch of Shielding {Spirit SH+8}
 77543 | Geh:7    | Found the +13 sceptre of Asmodeus
 77543 | Geh:7    | Noticed Asmodeus
 77577 | Geh:7    | Killed Asmodeus
 77589 | Geh:7    | Got an obsidian rune of Zot
 77647 | Geh:7    | Identified the +9 mace of Muget {freeze, rC++ MP-9 Int+3
                  | Dex+2}
 77817 | Coc:1    | Entered Level 1 of Cocytus
 77900 | Coc:1    | Reached skill level 24 in Invocations
 77916 | Coc:1    | Noticed an ancient lich
 78065 | Coc:1    | Killed an ancient lich
 78632 | Coc:4    | Noticed an ancient lich
 78636 | Coc:4    | Paralysed by a wendigo for 1 turns
 78651 | Coc:4    | Killed an ancient lich
 78810 | Coc:5    | Reached skill level 12 in Translocations
 78950 | Coc:6    | Reached skill level 18 in Hexes
 79034 | Coc:7    | Entered Level 7 of Cocytus
 79215 | Coc:7    | Paralysed by a wendigo for 1 turns
 79236 | Coc:7    | Paralysed by a wendigo for 1 turns
 79249 | Coc:7    | Reached skill level 15 in Spellcasting
 79356 | Coc:7    | Learned a level 9 spell: Polar Vortex
 79369 | Coc:7    | Reached skill level 1 in Ice Magic
 79416 | Coc:7    | Reached skill level 3 in Ice Magic
 79737 | Coc:7    | Noticed Antaeus
 79770 | Coc:7    | Killed Antaeus
 79771 | Coc:7    | Reached skill level 6 in Ice Magic
 79800 | Coc:7    | Got an icy rune of Zot
 80205 | Coc:7    | Identified the amulet of Loxzis Potokh {Reflect rElec Dex+2
                  | SH+5}
 81500 | Tar:1    | Entered Level 1 of Tartarus
 81537 | Tar:1    | Reached skill level 9 in Ice Magic
 82676 | Tar:4    | Reached skill level 12 in Ice Magic
 82724 | Tar:4    | Reached skill level 24 in Long Blades
 82888 | Tar:5    | Noticed a dread lich
 82895 | Tar:5    | Killed a dread lich
 83208 | Tar:7    | Entered Level 7 of Tartarus
 83428 | Tar:7    | Noticed a dread lich
 83430 | Tar:7    | Noticed an ancient lich
 83437 | Tar:7    | Killed an ancient lich
 83438 | Tar:7    | Killed a dread lich
 83510 | Tar:7    | Noticed a dread lich
 83514 | Tar:7    | Noticed a dread lich
 83522 | Tar:7    | Noticed Ereshkigal
 83563 | Tar:7    | Found the +8 autumn katana {manifold assault}
 83584 | Tar:7    | Reached skill level 15 in Ice Magic
 83774 | Tar:7    | Killed a dread lich
 83905 | Tar:7    | Killed a dread lich
 83960 | Tar:7    | HP: 9/228 [Tzitzimitl/dispel undead (66)]
 84342 | Tar:7    | Reached skill level 15 in Translocations
 84845 | Tar:7    | Killed Ereshkigal
 85193 | Tar:7    | Got a bone rune of Zot
 85306 | Dis:1    | Entered Level 1 of the Iron City of Dis
 85385 | Dis:1    | Reached skill level 18 in Ice Magic
 85683 | Dis:3    | Found a huge runed translucent gate.
 85683 | Dis:3    | Found a huge runed translucent gate.
 85683 | Dis:3    | Found a huge runed translucent gate.
 85685 | Dis:3    | Found a huge runed translucent gate.
 85714 | Dis:3    | Found a huge runed translucent gate.
 85714 | Dis:3    | Found a huge runed translucent gate.
 85715 | Dis:3    | Found a huge runed translucent gate.
 85715 | Dis:3    | Found a huge runed translucent gate.
 85716 | Dis:3    | Found a huge runed translucent gate.
 85716 | Dis:3    | Found a huge runed translucent gate.
 85716 | Dis:3    | Found a huge runed translucent gate.
 85717 | Dis:3    | Found a huge runed translucent gate.
 85717 | Dis:3    | Found a huge runed translucent gate.
 85717 | Dis:3    | Found a huge runed translucent gate.
 85718 | Dis:3    | Found a huge runed translucent gate.
 85719 | Dis:3    | Found a huge runed translucent gate.
 85720 | Dis:3    | Found a huge runed translucent gate.
 85721 | Dis:3    | Found a huge runed translucent gate.
 85722 | Dis:3    | Found a huge runed translucent gate.
 85723 | Dis:3    | Found a huge runed translucent gate.
 85723 | Dis:3    | Found a huge runed translucent gate.
 85728 | Dis:3    | Found a huge runed translucent gate.
 85729 | Dis:3    | Found a huge runed translucent gate.
 85729 | Dis:3    | Found a huge runed translucent gate.
 85729 | Dis:3    | Found a huge runed translucent gate.
 85729 | Dis:3    | Found a huge runed translucent gate.
 85731 | Dis:3    | Found a huge runed translucent gate.
 85732 | Dis:3    | Found a huge runed translucent gate.
 85733 | Dis:3    | Found a huge runed translucent gate.
 85733 | Dis:3    | Found a huge runed translucent gate.
 85737 | Dis:3    | Found a huge runed translucent gate.
 85738 | Dis:3    | Found a huge runed translucent gate.
 85739 | Dis:3    | Found a huge runed translucent gate.
 85739 | Dis:3    | Found a huge runed translucent gate.
 85741 | Dis:3    | Found a huge runed translucent gate.
 85742 | Dis:3    | Found a huge runed translucent gate.
 86371 | Dis:7    | Entered Level 7 of the Iron City of Dis
 86644 | Dis:7    | Noticed the Serpent of Hell
 86734 | Dis:7    | Reached skill level 21 in Ice Magic
 86747 | Dis:7    | Noticed a juggernaut
 86809 | Dis:7    | Killed the Serpent of Hell
 86860 | Dis:7    | Killed a juggernaut
 86907 | Dis:7    | Noticed a juggernaut
 86913 | Dis:7    | Killed a juggernaut
 87331 | Dis:7    | Noticed a juggernaut
 87340 | Dis:7    | Killed a juggernaut
 87366 | Dis:7    | Noticed Dispater
 87402 | Dis:7    | Killed Dispater
 87420 | Dis:7    | Got Wuopnir's Omnibus of Rallying
 87424 | Dis:7    | Got an iron rune of Zot
 88093 | Depths:1 | Voluntarily entered the Abyss.
 88215 | Abyss:3  | Noticed an ancient lich
 88221 | Abyss:3  | Killed an ancient lich
 88222 | Abyss:3  | Reached skill level 24 in Ice Magic
 88503 | Abyss:3  | Noticed a dread lich
 88514 | Abyss:3  | Killed a dread lich
 88592 | Depths:1 | Escaped the Abyss
 88594 | Depths:1 | Voluntarily entered the Abyss.
 88605 | Abyss:3  | Found a corrupted altar of Lugonu.
 89022 | Abyss:3  | Found a corrupted altar of Lugonu.
 89031 | Abyss:3  | Got an abyssal rune of Zot
 89444 | Abyss:4  | Found a shimmering blue altar of Sif Muna.
 89607 | Depths:1 | Escaped the Abyss
 89837 | Tomb:1   | Entered Level 1 of the Tomb of the Ancients
 90533 | Tomb:2   | Noticed a royal mummy
 90538 | Tomb:2   | Noticed a royal mummy
 90540 | Tomb:2   | Noticed a royal mummy
 90549 | Tomb:2   | Noticed a royal mummy
 90552 | Tomb:2   | Noticed a royal mummy
 90556 | Tomb:2   | Killed a royal mummy
 90611 | Tomb:2   | Killed a royal mummy
 90639 | Tomb:2   | Killed a royal mummy
 90644 | Tomb:2   | Paralysed by a Zot trap for 3 turns
 90652 | Tomb:2   | Killed a royal mummy
 90703 | Tomb:2   | Killed a royal mummy
 90850 | Tomb:1   | Noticed a royal mummy
 90850 | Tomb:1   | Noticed a royal mummy
 90850 | Tomb:1   | Noticed a royal mummy
 90851 | Tomb:1   | Noticed a royal mummy
 90853 | Tomb:1   | Noticed a royal mummy
 90853 | Tomb:1   | Noticed a royal mummy
 90855 | Tomb:1   | Noticed a royal mummy
 90855 | Tomb:1   | Noticed a royal mummy
 90857 | Tomb:1   | Noticed a royal mummy
 90863 | Tomb:1   | Killed a royal mummy
 90866 | Tomb:1   | Killed a royal mummy
 90867 | Tomb:1   | Killed a royal mummy
 90868 | Tomb:1   | Killed a royal mummy
 90869 | Tomb:1   | Killed a royal mummy
 90870 | Tomb:1   | Killed a royal mummy
 90883 | Tomb:1   | Killed a royal mummy
 90883 | Tomb:1   | Killed a royal mummy
 90898 | Tomb:1   | Killed a royal mummy
 90899 | Tomb:1   | Noticed a royal mummy
 90906 | Tomb:1   | Killed a royal mummy
 90913 | Tomb:1   | Noticed a royal mummy
 90927 | Tomb:1   | Killed a royal mummy
 90956 | Tomb:1   | Noticed a royal mummy
 90961 | Tomb:1   | Killed a royal mummy
 90983 | Tomb:1   | Noticed a royal mummy
 90991 | Tomb:1   | Killed a royal mummy
 91049 | Tomb:1   | Noticed a royal mummy
 91057 | Tomb:1   | Killed a royal mummy
 91294 | Tomb:3   | Entered Level 3 of the Tomb of the Ancients
 91365 | Tomb:3   | Noticed a royal mummy
 91370 | Tomb:3   | Killed a royal mummy
 91371 | Tomb:3   | Noticed a royal mummy
 91378 | Tomb:3   | Killed a royal mummy
 91378 | Tomb:3   | Noticed a royal mummy
 91387 | Tomb:3   | Noticed a royal mummy
 91392 | Tomb:3   | Killed a royal mummy
 91398 | Tomb:3   | Noticed a royal mummy
 91403 | Tomb:3   | Killed a royal mummy
 91411 | Tomb:3   | Noticed a royal mummy
 91413 | Tomb:3   | Killed a royal mummy
 91417 | Tomb:3   | Noticed a royal mummy
 91421 | Tomb:3   | Killed a royal mummy
 91433 | Tomb:3   | Killed a royal mummy
 91433 | Tomb:3   | Noticed a royal mummy
 91434 | Tomb:3   | Reached skill level 24 in Fighting
 91447 | Tomb:3   | Killed a royal mummy
 91516 | Tomb:3   | Noticed a royal mummy
 91531 | Tomb:3   | Got a golden rune of Zot
 91545 | Tomb:3   | Killed a royal mummy
 91552 | Tomb:3   | Got a sanguine gem with 22 turns to spare
 91626 | Tomb:3   | Got the Collected Works on Vile Bolts
 91635 | Tomb:3   | Identified the amulet of the Ladybird {Regen+ Int+2}
 91636 | Tomb:3   | Identified the staff "Ogreslayer" {rElec Str+4 Dex+2 Conj}
 91637 | Tomb:3   | Identified the +0 orcbow "Unwyirel" {antimagic, ^Contam
                  | rF+++ Str+4}
 91641 | Tomb:3   | Identified the ring of Gozag's Generosity {EV+5 Dex+3}
 91691 | Tomb:3   | Identified the +6 sling "Beastslayer" {freeze, rC+ rCorr
                  | Str+3}
 91698 | Tomb:3   | Identified the staff of Durable Guile {^Drain rPois Int+7
                  | Alchemy}
 92396 | Zot:5    | Noticed a dread lich
 92404 | Zot:5    | Killed a dread lich
 92413 | Zot:5    | Noticed an orb of fire
 92415 | Zot:5    | Noticed a dread lich
 92419 | Zot:5    | Noticed a dread lich
 92421 | Zot:5    | Killed an orb of fire
 92423 | Zot:5    | Reached skill level 18 in Spellcasting
 92423 | Zot:5    | Reached skill level 18 in Translocations
 92423 | Zot:5    | Killed a dread lich
 92424 | Zot:5    | Reached skill level 27 in Long Blades
 92424 | Zot:5    | Killed a dread lich
 92425 | Zot:5    | Reached skill level 27 in Dodging
 92432 | Zot:5    | Reached skill level 27 in Ice Magic
 92432 | Zot:5    | Reached skill level 27 in Shapeshifting
 92457 | Zot:5    | Noticed an orb of fire
 92465 | Zot:5    | Got the Orb of Zot
 92469 | Zot:5    | Noticed an ancient lich
 92561 | Zot:3    | Noticed Onueh the pandemonium lord
 92568 | Zot:3    | Killed Onueh the pandemonium lord
 92730 | D:14     | Noticed Nunufy the pandemonium lord
 92745 | D:13     | Killed Nunufy the pandemonium lord
 92955 | D:4      | Noticed Mump the pandemonium lord
 92955 | D:4      | Noticed an ancient lich
 93001 | D:$      | Escaped with the Orb!

Illustrated notes

Levels and vault maps discovered:
D:1:      dpeg_arrival_rhombus, layout_basic, roderic_serpentine_path,
          hangedman_abyss_or_decor_lesser_grid
D:2:      layout_loops_ring, minmay_crystal_room, chequers_serial_rivers_micro_a
D:3:      layout_rooms, mainiacjoe_overflow_brackets, general_overflow_altar,
          portal_sewer_entry_e, uniq_terence, uniq_grinder
D:4:      layout_loops_ring, xom_confusion_cloud, trog_ov_bears_minmay,
          st_stairs_8, uniq_menkaure, uniq_blork_the_orc
D:5:      layout_cave_pools, mainiacjoe_overflow_chevrons,
          mainiacjoe_overflow_alcove_2, minmay_temple_entry_glassed_door,
          minmay_misc_feat_more_columns, minmay_misc_feat_enclosed,
          uniq_prince_ribbit1, uniq_eustachio
D:6:      gammafunk_steamed_eel, layout_gridville,
          mainiacjoe_overflow_small_starburst, old_standard_altar,
          minmay_misc_feat_chi, minmay_joined_circles
D:7:      layout_cave_pools, nicolae_hepliaklqana_monster_ancestors,
          kennysheep_okawaru_gauntlet, serial_shops,
          nicolae_shop_rolling_square, shop, nicolae_shop_stone,
          nicolae_diamond_shop
D:8:      layout_gridville, serial_shops, shop, shop, shop, shop
D:9:      layout_big_octagon, fedhas_ov_isle_minmay,
          mainiacjoe_overflow_concentric_impassable,
          kennysheep_orc_monster_closet_entryway, serial_shops, shop,
          nicolae_shop_crystal, biasface_ghost_orc_armoury
D:10:     layout_small_grid, david_lair_shrubbed, enter_bailey_5
D:11:     layout_gridville, hangedman_abyss_or_decor_stagger, minmay_misc_feat_x
D:12:     layout_roguey, serial_shops, nicolae_shop_crystal, shop,
          nicolae_trove_entry_isolated
D:13:     layout_basic, ebering_ghost_gozag, minmay_starry_boxes
D:14:     layout_basic, grunt_vaults_entry_fortified, serial_shops,
          nicolae_diamond_shop, nicolae_shop_advertising_works
          [nicolae_subvault_shop_adworks], nicolae_shop_hallway_stairs,
          nicolae_ru_path_of_blood, kennysheep_potato, uniq_josephine,
          uniq_rupert, uniq_agnes
D:15:     grunt_enter_depths_snipers, layout_basic,
          gammafunk_ghost_abyssal_escape, uniq_nessos
Temple:   nicolae_temple_ecumenical_triangle
Lair:1:   layout_roguey
Lair:2:   layout_regular_city, ebering_ghost_rock_garden,
          dreamdust_deal_with_the_devil, lemuel_fruit_fields, uniq_gastronok
Lair:3:   layout_layer_cave, nicolae_shoals_entry_roost,
          minmay_snake_entry_guardpost_small, chequers_serial_rivers_small_3,
          grunt_forest_large_clearing_hut
Lair:4:   layout_loops_ring, gauntlet_entry_generic,
          grunt_forest_small_clearings, nicolae_quartered_pool_impasse,
          mumra_transporter_accident, beast_lair_carwin_8, serial_bayou_shore_b,
          serial_bayou_shore_b, grunt_megastairs_5
Lair:5:   hangedman_lair_tendril_chambers, layout_misc_corridors,
          hangedman_lair_caniforms_friends, slime_entry_2
Shoals:1: layout_shoals, uniq_louise, uniq_mlioglotl
Shoals:2: layout_shoals, nicolae_shoals_isolated_beach
Shoals:3: layout_shoals
Shoals:4: shoals_end_hangedman, layout_shoals, uniq_donald
Snake:1:  layout_layer_cave, ebering_ghost_disaster_area, minmay_shop_star,
          grunt_megastairs_3, uniq_roxanne, uniq_azrael
Snake:2:  layout_layer_cave, beargit_elvish_explorers, uniq_aizul
Snake:3:  layout_cave_town, serial_shops, bzr_entry_gold, nicolae_stop_n_shop_2,
          shop, shop, shop, nicolae_snake_horde_hoard, uniq_vashnia,
          uniq_asterion
Snake:4:  snake_pit, layout_misc_corridors, nicolae_snake_salamander_fort,
          serial_bayou_shore_a, minmay_shoptagon
Slime:1:  cheibrodos_slime_lost_civilization_3, layout_caves
Slime:2:  layout_caves, cheibrodos_slime_lost_civilization_4
Slime:3:  cheibrodos_slime_lost_civilization_1, layout_caves,
          nicolae_slime_welcoming_committee
Slime:4:  layout_caves, basic_altar
Slime:5:  slime_pit_nicolae_block_by_block
Orc:1:    layout_caves, gammafunk_ghost_fury_of_okawaru, uniq_jorgrun
Orc:2:    st_orc_congregation, layout_diamond_mine, basic_altar,
          regret_index_minedec_shroomtown_chain, nicolae_orc_lost_temple
Elf:1:    elf_arrival_002, layout_loops_corners, minmay_elf_necromancy
Elf:2:    nicolae_elf_blades_crystal_corner, layout_loops_cross,
          hangedman_glass_teeth
Elf:3:    minmay_elf_hall_curves, layout_rooms, serial_shops, shop
Vaults:1: v_alt_pattern_2, nicolae_vaults_wrenched, nicolae_vaults_trapezoid_3,
          vaults_room_hangedman_quadrants, ontoclasm_vaults_chip,
          nicolae_vaults_closet_pinwheel_1, v_pattern_4, hangedman_vaults_maws,
          nicolae_vaults_tetromino_T_2, ontoclasm_vaults_loading_screen,
          nicolae_vaults_double_plus_1, layout_vaults_omnigrid, serial_shops,
          shop
Vaults:2: portal_desolation_entry_holy_temple, nicolae_vaults_sealed_display,
          ontoclasm_vaults_ring_small, vaults_mumra_lcd,
          hangedman_vaults_variations, v_misc_3,
          nicolae_vaults_offset_grid_hallway_2, nicolae_vaults_border_crossing,
          nicolae_vaults_tetromino_Z_2, nicolae_vaults_more_shelving_1,
          nicolae_vaults_little_squares_2, vaults_dpeg_ring,
          ontoclasm_vaults_shuriken, layout_vaults_chaotic_city
Vaults:3: minmay_crypt_entry_simple_corners, nicolae_vaults_tetromino_T_2,
          lightli_orcish_oven, grunt_vaults_hallway_long, v_misc_28,
          nicolae_vaults_trapezoid_3, nicolae_vaults_closet_pinwheel_3,
          nicolae_vaults_little_squares_3, nicolae_vaults_oval_intersection,
          nicolae_vaults_little_squares_4, nicolae_vaults_trapezoid_1,
          nicolae_vaults_closet_pinwheel_5, v_misc_10, v_rooms_5,
          nicolae_vaults_tetromino_Z_1, layout_vaults_maze_snakey
Vaults:4: hangedman_vaults_snaps, vaults_mumra_chevron_long,
          nicolae_vaults_weapon_check, serial_ice_h, v_misc_19,
          nicolae_vaults_triangles, vaults_mumra_hex,
          nicolae_vaults_frosty_reception, v_misc_13, layout_vaults_omnicross
Vaults:5: uniq_jory
Crypt:1:  layout_chaotic_city, serial_sigils_hangedman_stare,
          serial_library_regret_index_branch_corner
Crypt:2:  layout_catacombs, uniq_bai_suzhen
Crypt:3:  due_elkab, layout_chaotic_city, nicolae_tomb_entry_rubble_hallway,
          uniq_boris
Tomb:1
Tomb:2
Tomb:3
Depths:1: layout_basic, enter_ziggurat_e, abyss_entry, pan_entry, hellmouth_3,
          dreamdust_wishing_well, kennysheep_generic_room_11
Depths:2: hangedman_cross_cluster, layout_basic,
          nicolae_abyss_entry_one_way_or_another, serial_bayou,
          serial_bayou_lagoon_a, serial_bayou_crossing, serial_bayou_pond_e,
          mu_enter_wizlab_1, hell_entry, rand_demon_pan_entry_3
Depths:3: gammafunk_dig_for_victory, layout_gridlike,
          grunt_hell_entry_dis_grunt, serial_library_hellmonk_recessed_alcove,
          rand_demon_pan_entry_9, abyss_entry, uniq_mara
Depths:4: evilmike_zot_entry_diamond, layout_gridlike, grunt_gozag_breadcrumbs,
          rand_demon_pan_entry_7, hell_entry
Hell
Dis:1:    layout_regular_city
Dis:2:    layout_overlapping_boxes, nicolae_dis_big_boring_drill
Dis:3:    layout_overlapping_boxes, door_vault
Dis:4:    layout_gridville, nicolae_dis_grated_feature
Dis:5:    layout_regular_city
Dis:6:    layout_regular_city
Dis:7:    dis_hangedman
Geh:1:    layout_gehenna_lava_caves
Geh:2:    layout_gehenna_pools_box
Geh:3:    nicolae_geh_erupted_tower, layout_gehenna_lava_caves
Geh:4:    layout_gehenna_lava_caves
Geh:5:    layout_gehenna_lava_caves
Geh:6:    layout_gehenna_pools_basic, nicolae_geh_amphitheater,
          lemuel_old_faithful
Geh:7:    geh_grunt
Coc:1:    nicolae_coc_on_the_berg
Coc:2:    layout_ice_bergs, nicolae_hells_hurtin_island
Coc:3:    layout_cocytus_delve
Coc:4:    layout_cocytus_delve
Coc:5:    layout_cocytus_delve, nicolae_hells_seeping_fissure
Coc:6:    layout_ice_bergs
Coc:7:    coc_dpeg
Tar:1:    layout_honeycomb, nicolae_tar_combbox
Tar:2:    layout_honeycomb, nicolae_tar_grid_combs
Tar:3:    layout_honeycomb
Tar:4:    nicolae_hells_demon_pit, layout_cathedral_of_symmetry
Tar:5:    hangedman_mysterious_dungeon_monster_house
Tar:6:    layout_honeycomb
Tar:7:    tar_grunt_cathedral
Zot:1:    layout_onion_interference
Zot:2:    layout_twisted_circle, regret_index_zotdec_plus,
          hangedman_zot_decor_tridents, uniq_josephina
Zot:3:    layout_misc_corridors
Zot:4:    dreamdust_zin_vs_xom, layout_concentric_octagons, skrybe_zot_glass_3
Zot:5:    layout_misc_corridors

Skill      XL: |  1  2  3  4  5  6  7  8  9 10 11 12 13 14 15 16 17 18 19 20 21 22 23 24 25 26 27 |
---------------+----------------------------------------------------------------------------------+-----
Long Blades    | 1 2 3 4 5 6 8 10 11 13 14 15 17 18 19 20 27 | 27.0
Dodging        | 3 4 5 8 10 12 14 15 16 17 18 19 21 22 23 24 25 27 | 27.0
Stealth        | 3 |  3.0
Spellcasting   | 3 4 6 9 18 | 18.3
Alchemy        | 5 6 8 9 10 11 12 13 15 16 18 | 18.0
Fighting       | 1 2 3 4 5 6 7 8 9 10 12 13 14 15 16 18 24 | 24.3
Evocations     | 2 3 5 6 |  6.0
Armour         | 2 3 6 |  6.0
Invocations    | 1 5 8 10 12 13 14 15 16 17 18 24 | 24.3
Air Magic      | 1 3 4 6 |  6.0
Translocations | 2 5 6 7 8 9 18 | 18.0
Shapeshifting  | 3 7 10 12 14 17 19 20 21 27 | 27.0
Earth Magic    | 2 4 5 6 |  6.0
Shields        | 1 7 11 15 17 18 24 | 24.4
Hexes          | 3 6 9 18 | 18.0
Ice Magic      | 27 | 27.0
Conjurations   | |  0.7

Action                     |  1- 3 |  4- 6 |  7- 9 | 10-12 | 13-15 | 16-18 | 19-21 | 22-24 | 25-27 || total
---------------------------+-------+-------+-------+-------+-------+-------+-------+-------+-------++-------
  Melee: Dagger            |    21 |    78 |    14 |       |       |       |       |       |       ||   113
         Tailslap          |       |     5 |       |     1 |       |     4 |       |    13 |    57 ||    80
         Scimitar          |       |       |   239 |    46 |       |       |       |       |       ||   285
         Long sword        |       |       |       |   376 |       |       |       |       |       ||   376
         Great sword       |       |       |       |   135 |   833 |  1004 |   278 |       |       ||  2250
         Triple sword      |       |       |       |       |       |       |   366 |       |       ||   366
         Double sword      |       |       |       |       |       |       |   491 |  1498 |  9776 || 11765
         Headbutt          |       |       |       |       |       |       |       |       |  2240 ||  2240
  Throw: Dart              |       |       |    24 |    28 |     1 |       |       |       |       ||    53
         Boomerang         |       |       |       |    13 |       |       |       |       |       ||    13
         Javelin           |       |       |       |    33 |       |       |    10 |       |       ||    43
   Cast: Sting             |    56 |    88 |     3 |     1 |     1 |     1 |       |       |       ||   150
         Mercury Vapours   |       |     6 |    19 |     9 |     3 |     4 |       |       |       ||    41
         Olgreb's Toxic Ra |       |       |     7 |    88 |   103 |    67 |    41 |     9 |    24 ||   339
         Mephitic Cloud    |       |       |       |     3 |    33 |    16 |    25 |     5 |    11 ||    93
         Swiftness         |       |       |       |       |       |     1 |       |       |       ||     1
         Apportation       |       |       |       |       |       |     3 |       |       |    25 ||    28
         Manifold Assault  |       |       |       |       |       |       |     1 |       |  1422 ||  1423
         Eringya's Noxious |       |       |       |       |       |       |     1 |     7 |     4 ||    12
         Vhi's Electric Ch |       |       |       |       |       |       |       |       |    36 ||    36
         Polar Vortex      |       |       |       |       |       |       |       |       |    40 ||    40
         Enfeeble          |       |       |       |       |       |       |       |       |    30 ||    30
         Yara's Violent Un |       |       |       |       |       |       |       |       |     9 ||     9
         Blink             |       |       |       |       |       |       |       |       |     2 ||     2
         Lesser Beckoning  |       |       |       |       |       |       |       |       |     1 ||     1
 Invoke: Upheaval          |       |       |       |     1 |       |    12 |       |       |       ||    13
         Elemental Force   |       |       |       |       |     3 |     2 |     3 |     1 |     7 ||    16
         Disaster Area     |       |       |       |       |       |     2 |     3 |     3 |    18 ||    26
Ability: Siphon Essence    |       |       |       |       |       |       |       |       |     2 ||     2
         Evoke Blink       |       |       |       |       |       |       |       |       |     1 ||     1
  Evoke: Wand              |     3 |     5 |     9 |     8 |     6 |     3 |     1 |     8 |    20 ||    63
         Lightning rod     |       |       |       |       |       |     7 |     2 |       |       ||     9
         Phantom mirror    |       |       |       |       |       |       |       |       |     5 ||     5
         Phial of floods   |       |       |       |       |       |       |       |       |     3 ||     3
    Use: Scroll            |       |       |     7 |     9 |    14 |    12 |    17 |     9 |    73 ||   141
         Potion            |       |       |       |     3 |     3 |     3 |     3 |     7 |    24 ||    43
   Stab: Sleeping          |       |     2 |     7 |     2 |       |       |       |       |       ||    11
         Distracted        |       |       |     1 |       |     1 |       |     1 |     2 |    13 ||    18
         Confused          |       |       |       |     2 |    13 |    11 |     6 |     3 |     4 ||    39
         Invisible         |       |       |       |     1 |     1 |       |       |       |     6 ||     8
 Armour: Robe              |    17 |       |   119 |    61 |       |       |       |       |    87 ||   284
         Leather armour    |     1 |    55 |     6 |       |       |       |       |       |   767 ||   829
         Troll leather arm |       |       |       |   308 |   382 |   329 |   323 |   177 |       ||  1519
         Skin              |       |       |       |       |       |       |       |   310 |   511 ||   821
  Dodge: Dodged            |    20 |    73 |   211 |   644 |   763 |  1011 |   939 |  1579 |  4635 ||  9875
         Repelled          |       |       |       |       |    29 |   109 |    57 |    57 |   182 ||   434
  Block: Other             |       |       |       |    71 |   259 |   307 |   186 |       |    76 ||   899
         Kite shield       |       |       |       |       |       |       |   488 |  1381 |  7614 ||  9483
         Buckler           |       |       |       |       |       |       |       |   568 |   496 ||  1064
         Reflection        |       |       |       |       |       |       |       |       |   222 ||   222
   Form: Statue            |       |       |       |       |       |       |       |     1 |     2 ||     3
         Death             |       |       |       |       |       |       |       |       |     8 ||     8
                           |       |       |       |       |       |       |       |       |     6 ||     6

Table legend: (Time is in decaauts)
 A = Elapsed time spent in this place.
 B = Non-inter-level travel time spent in this place.
 C = Inter-level travel time spent in this place.
 D = Time resting spent in this place.
 E = Time spent auto-exploring this place.
 F = Levels seen in this place.
 G = Mean time per level.
                   A        B        C        D        E       F      G
               +--------+--------+--------+--------+--------+-----+--------+
         Total | 102022 |  87562 |  14460 |   4958 |  54967 | 122 |  836.2 |
       Dungeon |  20120 |  14322 |   5798 |    630 |  10449 |  15 | 1341.3 |
        Temple |      1 |      1 |      0 |      0 |      0 |   1 |    1.0 |
          Lair |   6961 |   5888 |   1073 |    246 |   4220 |   5 | 1392.2 |
        Shoals |   3530 |   3158 |    372 |      0 |   2266 |   4 |  882.5 |
     Snake Pit |   6710 |   5543 |   1167 |    206 |   3818 |   4 | 1677.5 |
    Slime Pits |   3261 |   3015 |    246 |      2 |   2207 |   5 |  652.2 |
  Orcish Mines |   2222 |   1793 |    429 |     32 |   1291 |   2 | 1111.0 |
   Elven Halls |   4166 |   3756 |    410 |    212 |   2290 |   3 | 1388.7 |
        Vaults |   8353 |   6715 |   1638 |     23 |   4962 |   5 | 1670.6 |
         Crypt |   5090 |   4613 |    477 |      4 |   3415 |   3 | 1696.7 |
          Tomb |   2272 |   2075 |    197 |      9 |    989 |   3 |  757.3 |
        Depths |   6137 |   4833 |   1304 |    265 |   2881 |   4 | 1534.2 |
          Hell |   1063 |    987 |     76 |    101 |    462 |   1 | 1063.0 |
           Dis |   2116 |   1922 |    194 |    230 |    584 |   7 |  302.3 |
       Gehenna |   2778 |   2586 |    192 |    533 |   1228 |   7 |  396.9 |
       Cocytus |   2684 |   2618 |     66 |    783 |    932 |   7 |  383.4 |
      Tartarus |   3720 |   3574 |    146 |    458 |   2027 |   7 |  531.4 |
           Zot |   6539 |   5871 |    668 |    310 |   4019 |   5 | 1307.8 |
         Abyss |   1394 |   1394 |      0 |      5 |    470 |   5 |  278.8 |
   Pandemonium |  10178 |  10178 |      0 |    438 |   5364 |  23 |  442.5 |
        Bazaar |     91 |     91 |      0 |      0 |     51 |   1 |   91.0 |
         Trove |     58 |     58 |      0 |      0 |      8 |   1 |   58.0 |
         Sewer |    698 |    698 |      0 |    344 |     20 |   1 |  698.0 |
        Bailey |    617 |    617 |      0 |      4 |    295 |   1 |  617.0 |
        Wizlab |    692 |    692 |      0 |     18 |    435 |   1 |  692.0 |
      Gauntlet |    561 |    561 |      0 |    100 |    272 |   1 |  561.0 |
               +--------+--------+--------+--------+--------+-----+--------+

Top non-repeatable levels by time:
Depths:3: 2616 daAuts
 Crypt:3: 2476 daAuts
    D:14: 2318 daAuts
    D:15: 2047 daAuts
   Tar:7: 2024 daAuts
Vaults:1: 2000 daAuts
  Lair:5: 1997 daAuts
    D:10: 1917 daAuts
Vaults:2: 1854 daAuts
 Snake:2: 1828 daAuts
Vaults:5: 1823 daAuts
  Lair:3: 1760 daAuts
   Zot:4: 1756 daAuts
   Zot:2: 1727 daAuts
 Snake:3: 1674 daAuts
